Cogmind - Beta 15 @@@ ROGUE MODE // 2025.07.25 @ 15:22:59 Player: Cracklepappy Result: Destroyed by S-43 Plague with Heavy Machine Gun Performance ------------- Evolutions (7) 3500 Regions Visited (30) 6000 Robots Destroyed (712) 3560 Value Destroyed (38813) 38813 Prototype IDs (41) 820 Alien Tech Used (0) 0 Bonus (27427) 27427 TOTAL SCORE: 80120 Bonus ------- Triggered High Security 1000 High Alert Combat Kills 16721 Follower Combat Kills 3722 Entered Garrisons 1400 Network Hubs Disabled 200 Acquired ECA 300 Met Zhirov 300 Met Warlord at Base 500 MAIN.C Attacked Warlord 500 Warlord Defense Kills 1916 Built Enhanced Grunts 300 A7 Reached Mainframe 300 Met R17 at Cetus 500 Friendly Fire -232 Cogmind --------- Core Integrity 0/1300 Matter 137/300 Energy 99/100 System Corruption 29% Temperature Cool (0) Movement Core (50) Location -3/Testing Parts ------- > --- POWER (2) -------- (None) > --- PROPULSION (3) --- (None) > --- UTILITY (8) ------ Improved Salvage Targeting Computer Advanced Target Analyzer Backup Plating VII > --- WEAPON (8) ------- (None) > --- INVENTORY (5) ---- Compact Wheel High-powered Disruptor Cannon Plasma Cutter Peak State ------------ > --- POWER ------------ Quantum Reactor Reinforced Quantum Reactor > --- PROPULSION ------- Armored Wheel Centrium Wheel High-density Centrium Wheel > --- UTILITY ---------- Advanced Coolant Injector High-capacity Storage Unit Improved Salvage Targeting Computer Improved Targeting Computer Advanced Target Analyzer Advanced Phase Shifter Graphene Brace Ghost Barrier > --- WEAPON ----------- Vortex Rail Nova Cannon High-powered Shotgun Coil Gun Coil Gun Railgun Enhanced Hardcell Cannon Enhanced Hardcell Cannon > --- INVENTORY -------- Particle Reactor Light Quantum Reactor Compact Wheel Armored Wheel Armored Wheel Advanced Power Amplifier Advanced Cooling System Advanced Cooling System Matter Compressor Experimental Matter Compressor Improved Weapon Cycler Improved Force Field Advanced Force Field Long-range Tractor Beam Heavy Laser Vortex Cannon Neutron Missile Launcher Plasma Cutter Makeshift Hammer [Rating: 147] Favorites ----------- Power Heavy Ion Engine Engine Heavy Ion Engine Power Core Fission Core Reactor Quantum Reactor Propulsion Armored Wheel Wheel Armored Wheel Utility Experimental Targeting Computer Device Advanced Cooling System Storage High-capacity Storage Unit Processor Experimental Targeting Computer Hackware Ghost Barrier Protection Centrium Medium Armor Plating Weapon Improved Assault Rifle Energy Gun Plasma Rifle Energy Cannon Cooled Plasma Cannon Ballistic Gun Improved Assault Rifle Ballistic Cannon Antimatter Cannon Launcher Neutron Missile Launcher Special Weapon Plasma Cutter Impact Weapon Heavy Hammer Slashing Weapon Power Sword Special Melee Weapon Datajack Build | -11 -10 -10 -9 -9 -9 -9 -7 -7 -7 -7 -6 -6 -6 -6 -6 -6 -6 -6 -6 -5 -5 -5 -5 -4 -4 -4 -3 -3 -3 -3 ------- Run | Yrd Mat Min Mat Sto Gar Rec Fac Gar Fac Gar Fac Gar Fac Gar Fac Ext Cet Arc Hub Fac Upp Upp War Pro Fac Gar Res Gar Res Tes Slots Evolved 14 | . . . 2 . . . 4 . . . 2 . . . . . . . . 2 . . . . 2 . 2 . . . Power 1 | . . . . . . . . . . . . . . . . . . . . . . . . . 1 . . . . . Propulsion 1 | . . . . . . . . . . . . . . . . . . . . . . . . . 1 . . . . . Utility 6 | . . . . . . . 3 . . . 1 . . . . . . . . 1 . . . . . . 1 . . . Weapon 6 | . . . 2 . . . 1 . . . 1 . . . . . . . . 1 . . . . . . 1 . . . Parts Attached 430 | 8 17 3 22 20 3 8 5 25 2 22 13 18 12 13 12 11 3 . 13 19 8 2 17 1 24 32 3 43 34 17 Power 30 | 1 1 . 2 1 . . 1 1 . 3 2 1 . . . 1 . . 2 . 1 . 1 . 2 4 . . 3 3 Engine 12 | 1 1 . 1 1 . . 1 1 . 3 1 . . . . 1 . . . . . . 1 . . . . . . . Core 8 | . . . 1 . . . . . . . 1 1 . . . . . . 1 . . . . . 1 2 . . . 1 Reactor 10 | . . . . . . . . . . . . . . . . . . . 1 . 1 . . . 1 2 . . 3 2 Propulsion 81 | 3 7 1 5 5 1 4 . 5 . 4 1 2 2 2 2 3 . . 3 5 . 1 . . 7 5 . 6 3 4 Treads . | . . . . . . . . . . . . . . . . . . . . . . . . . . . . . . . Leg . | . . . . . . . . . . . . . . . . . . . . . . . . . . . . . . . Wheel 81 | 3 7 1 5 5 1 4 . 5 . 4 1 2 2 2 2 3 . . 3 5 . 1 . . 7 5 . 6 3 4 Hover . | . . . . . . . . . . . . . . . . . . . . . . . . . . . . . . . Flight . | . . . . . . . . . . . . . . . . . . . . . . . . . . . . . . . Utility 123 | 2 4 1 3 2 1 3 3 11 1 2 5 8 3 4 4 4 . . 5 9 5 . 2 . 2 11 2 9 12 5 Device 73 | 1 . . 2 1 1 3 2 5 . 1 2 4 2 3 3 4 . . 3 7 4 . 1 . 1 8 . 4 9 2 Storage 22 | 1 2 1 . . . . . 1 . 1 1 2 . 1 1 . . . 1 . . . 1 . . 2 . 4 1 2 Processor 15 | . . . . . . . 1 2 1 . 2 2 1 . . . . . . . 1 . . . 1 . 1 1 2 . Hackware 3 | . . . . . . . . . . . . . . . . . . . 1 1 . . . . . . 1 . . . Protection 10 | . 2 . 1 1 . . . 3 . . . . . . . . . . . 1 . . . . . 1 . . . 1 Artifact . | . . . . . . . . . . . . . . . . . . . . . . . . . . . . . . . Weapon 196 | 2 5 1 12 12 1 1 1 8 1 13 5 7 7 7 6 3 3 . 3 5 2 1 14 1 13 12 1 28 16 5 Energy Gun 14 | 1 3 1 . 1 . . . . . . . . . . . . . . . . 1 1 2 . . 1 . . 2 1 Energy Cannon 8 | . . . . . . . . 1 . . . . . . . . . . 1 . . . 3 . . . . 1 2 . Ballistic Gun 121 | 1 . . 6 4 1 1 1 7 1 7 4 6 4 5 3 1 1 . 1 2 1 . 2 1 11 10 1 24 11 4 Ballistic Cannon 43 | . . . 5 5 . . . . . 5 1 . 3 2 3 2 2 . 1 2 . . 6 . 1 1 . 3 1 . Launcher 4 | . 2 . . . . . . . . 1 . . . . . . . . . . . . . . 1 . . . . . Special Weapon 2 | . . . . 1 . . . . . . . . . . . . . . . 1 . . . . . . . . . . Impact Weapon 2 | . . . . 1 . . . . . . . . . . . . . . . . . . 1 . . . . . . . Slashing Weapon 1 | . . . . . . . . . . . . 1 . . . . . . . . . . . . . . . . . . Piercing Weapon . | . . . . . . . . . . . . . . . . . . . . . . . . . . . . . . . Special Melee Weapon 1 | . . . 1 . . . . . . . . . . . . . . . . . . . . . . . . . . . Unidentified Prototypes 29 | . . . . 3 . 1 1 1 1 . 2 3 2 . . . 1 . 1 1 . . 4 . 3 2 1 . 2 . Parts Lost 126 | . . 3 2 1 1 . . . 1 2 1 1 5 2 . 2 . . 2 2 6 6 8 1 9 11 . 7 37 16 Power 8 | . . . 1 . . . . . . . . . . . . . . . . . 1 . . . . 1 . . 2 3 Propulsion 32 | . . 1 1 1 1 . . . . 1 . . 1 2 . 1 . . 1 1 1 1 1 . 4 2 . 4 5 3 Utility 26 | . . . . . . . . . . . 1 1 1 . . 1 . . . 1 3 1 2 . 1 3 . 1 5 5 Weapon 60 | . . 2 . . . . . . 1 1 . . 3 . . . . . 1 . 1 4 5 1 4 5 . 2 25 5 Highest Loss Streak 13 | . . 2 2 1 1 . . . 1 2 1 1 2 2 . 1 . . 1 2 3 4 4 1 6 5 . 3 13 11 To Critical Strikes 1 | . . . . . . . . . . . . . . . . 1 . . . . . . . . . . . . . . Average Backups 19 | 4 21 23 23 23 23 23 22 23 18 18 18 18 18 17 17 17 18 18 17 17 18 16 18 18 17 17 17 19 17 3 Power 1 | . 1 2 1 1 1 1 1 1 1 . 1 1 1 . . 1 1 1 1 1 . 1 1 2 1 2 1 1 1 . Propulsion 1 | 2 5 3 2 1 1 . 2 2 2 1 3 3 3 . . . 1 1 1 2 1 . . . . 1 2 1 2 . Utility 8 | . 8 10 9 9 9 6 4 8 8 8 8 7 8 9 8 7 7 8 8 9 9 9 8 8 7 7 8 7 7 . Weapon 7 | . 4 6 9 10 10 13 12 9 5 5 3 4 4 4 7 7 7 7 5 3 4 3 6 7 7 5 4 8 4 1 Tool/Special . | . . . . . . . . . . . . . . . . . . . . . . . . . . . . . . . Unused Backups 91 | 1 3 5 9 5 2 1 . 11 . 10 3 1 2 . 3 5 . . 3 . . 3 5 . 1 8 . 6 2 2 Power 14 | . 1 . 1 . . . . 1 . 1 . . . . . 4 . . . . . 1 1 . . 3 . 1 . . Propulsion 11 | 1 . . . 1 . . . 3 . . 2 1 1 . . . . . 1 . . . . . . . . . 1 . Utility 43 | . 1 5 5 2 2 . . 1 . 8 1 . 1 . 2 1 . . 1 . . 1 3 . 1 5 . 2 1 . Weapon 22 | . 1 . 3 2 . 1 . 5 . 1 . . . . 1 . . . 1 . . 1 1 . . . . 3 . 2 Tool/Special 1 | . . . . . . . . 1 . . . . . . . . . . . . . . . . . . . . . . Average Slot Usage (%) 96 | . 100 99 99 99 99 100 97 99 100 93 89 97 99 93 96 96 100 100 100 99 98 99 98 83 91 93 94 92 85 55 Engine 4 | . 14 14 3 11 11 11 7 7 7 7 2 . . 5 6 6 6 6 2 . . . . 5 5 . . . . . Core 1 | . . . 7 . . . . . . . 3 5 6 . . . . . 1 . . . . . . 4 . . . 1 Reactor 1 | . . . . . . . . . . . . . . . . . . . 1 5 5 5 4 . 4 2 4 4 5 1 Wheel 15 | . 28 27 21 21 21 22 15 15 15 14 13 13 12 10 13 9 13 13 13 10 10 10 10 4 8 14 14 11 12 7 Device 10 | . 3 . 3 8 11 11 21 13 7 7 19 14 12 5 6 5 6 6 5 7 11 11 11 11 13 19 18 14 12 8 Storage 7 | . 14 14 11 11 11 11 7 7 7 7 6 6 6 6 6 6 6 6 6 5 5 5 5 5 5 5 4 4 3 5 Processor 13 | . . . . . . . 6 14 23 22 12 18 20 26 26 26 26 26 26 22 18 17 17 17 15 10 13 13 15 9 Protection 1 | . 10 14 7 2 . . . 1 . . . . . . . . . . . . 3 5 4 . . . . . . 2 Energy Gun 1 | . 15 24 . . . . . . . . . . . . . . . . . . 3 9 4 . . . . . 1 2 Ballistic Gun 24 | . 11 2 7 21 39 42 37 34 38 22 19 33 27 24 21 13 13 13 13 15 22 18 21 17 33 27 38 36 22 9 Ballistic Cannon 8 | . . . 35 22 . . . . . 6 9 2 11 9 13 24 25 26 23 18 6 5 10 11 1 3 . . 4 . Peak Build Rating 147 | 7 9 13 23 30 31 34 45 49 47 62 77 79 82 86 86 91 84 83 87 103 103 104 109 96 106 119 127 136 147 90 Average Rating 68 | 5 8 10 20 23 29 29 40 44 44 50 73 71 78 79 82 85 82 83 83 99 98 100 104 90 96 106 122 123 117 64 On Entrance 65 | . 7 9 13 21 30 31 28 41 46 46 62 75 73 82 78 84 82 83 83 86 101 98 103 103 80 100 109 127 133 25 Naked Turns . | . . . . . . . . . . . . . . . . . . . . . . . . . . . . . . . Heaviest Build 168 | 15 90 91 104 106 106 106 113 119 73 100 112 99 99 97 99 96 92 92 98 119 115 115 139 127 126 145 129 148 168 62 Greatest Support 48 | 26 20 20 26 26 26 26 22 24 24 24 28 28 24 28 28 32 32 32 32 26 32 32 32 16 36 40 36 40 48 42 Greatest Overweight (x) 11 | . 4 4 9 10 5 4 5 5 3 4 4 3 4 5 4 4 2 2 3 11 4 6 8 7 10 5 3 10 4 4 Average Overweight (x) 3 | . 3 4 4 4 3 3 4 3 2 3 3 3 3 3 3 2 2 2 2 4 3 3 3 6 4 2 3 3 2 . Largest Inventory Capacity 25 | 8 25 25 25 25 25 25 25 25 20 20 20 20 20 20 20 20 20 20 20 20 20 20 20 20 20 20 20 20 20 10 Average Capacity 21 | 7 22 25 25 25 25 25 25 24 20 20 20 20 20 20 20 20 20 20 20 20 20 20 20 20 20 20 20 20 18 8 Most Carried 25 | 8 25 25 25 25 25 25 24 25 20 20 20 20 20 20 20 20 20 20 20 20 20 20 20 20 20 20 20 20 20 6 Average Carried 21 | 4 21 24 24 24 24 24 23 24 19 19 19 19 19 19 19 19 19 20 19 19 19 17 19 19 19 19 19 19 17 4 Final Capacity 25 | 8 25 25 25 25 25 25 25 20 20 20 20 20 20 20 20 20 20 20 20 20 20 20 20 20 20 20 20 20 5 5 Final Carried 25 | 8 25 23 25 25 25 25 24 20 20 20 20 20 18 20 20 20 20 20 20 20 20 20 20 19 18 20 20 20 5 4 Class Distribution -------------------- 47% | Scavenger-Executioner 13% | Commander-Gunner 11% | Scavenger-Gunner 6% | Executioner 6% | Mutant 4% | Tank 4% | Gunner 3% | Commander-Executioner Dominant Class ---------------- Mutant | -10/Materials Mutant | -10/Mines Tank | -9/Materials Gunner | -9/Storage Commander-Gunner | -9/Garrison Commander-Gunner | -9/Recycling Commander-Gunner | -7/Factory Scavenger-Gunner | -7/Garrison Scavenger-Gunner | -7/Factory Scavenger-Gunner | -7/Garrison Executioner | -6/Factory Scavenger-Executioner | -6/Garrison Scavenger-Executioner | -6/Factory Scavenger-Executioner | -6/Garrison Scavenger-Executioner | -6/Factory Executioner | -6/Extension Scavenger-Executioner | -6/Cetus Commander-Executioner | -6/Archives Scavenger-Executioner | -6/Hub_04(d) Scavenger-Executioner | -5/Factory Scavenger-Executioner | -5/Upper Caves Scavenger-Executioner | -5/Upper Caves Scavenger-Executioner | -5/Warlord Scavenger-Executioner | -4/Proximity Caves Scavenger-Executioner | -4/Factory Scavenger-Executioner | -4/Garrison Scavenger-Executioner | -3/Research Scavenger-Executioner | -3/Garrison Scavenger-Executioner | -3/Research Scavenger-Gunner | -3/Testing Resources | -11 -10 -10 -9 -9 -9 -9 -7 -7 -7 -7 -6 -6 -6 -6 -6 -6 -6 -6 -6 -5 -5 -5 -5 -4 -4 -4 -3 -3 -3 -3 ----------- Run | Yrd Mat Min Mat Sto Gar Rec Fac Gar Fac Gar Fac Gar Fac Gar Fac Ext Cet Arc Hub Fac Upp Upp War Pro Fac Gar Res Gar Res Tes Matter Collected 40782 | 316 557 322 1643 1352 626 561 137 1956 322 1983 1477 2079 2259 2050 1202 2361 431 31 1554 1074 681 404 660 257 2378 3030 114 3792 4872 301 Remotely 8866 | . . . . . . . . . . . . 497 510 313 538 747 337 . 491 416 . . 78 114 1236 994 . . 2595 . Salvage Created 36640 | 151 483 235 1411 1013 688 1438 137 2367 388 1624 1443 2139 1675 1801 1278 1071 197 31 1362 1001 671 732 494 192 2202 3347 . 3523 3018 528 Parts 1530 | 15 39 12 98 59 44 53 4 95 20 68 41 73 59 66 62 28 2 3 49 48 19 19 17 5 105 128 . 146 123 30 Haulers Intercepted 29 | . 2 . 4 6 . . . . . . 2 . 2 . 1 . . . 5 2 . . . . 2 . . . 3 . Recyclers Shooed 24 | . 2 . 3 2 . 5 . . . . 3 . 1 . 2 1 . . . 2 . . . . . . . . 3 . Parts Field Recycled . | . . . . . . . . . . . . . . . . . . . . . . . . . . . . . . . Retrieved Matter . | . . . . . . . . . . . . . . . . . . . . . . . . . . . . . . . Parts Self-Destructed 37 | . . . . . . . . . . . . . . . . . . . . . 16 17 . 4 . . . . . . Prevented . | . . . . . . . . . . . . . . . . . . . . . . . . . . . . . . . Kills | -11 -10 -10 -9 -9 -9 -9 -7 -7 -7 -7 -6 -6 -6 -6 -6 -6 -6 -6 -6 -5 -5 -5 -5 -4 -4 -4 -3 -3 -3 -3 ------- Run | Yrd Mat Min Mat Sto Gar Rec Fac Gar Fac Gar Fac Gar Fac Gar Fac Ext Cet Arc Hub Fac Upp Upp War Pro Fac Gar Res Gar Res Tes Combat Hostiles Destroyed 538 | . 9 6 31 17 21 7 2 22 6 35 10 34 30 35 13 21 6 . 15 13 16 11 15 7 20 47 . 40 44 5 Guns 312 | . 7 5 8 3 21 7 2 22 6 20 6 26 18 11 8 9 . . 5 4 5 6 5 1 20 20 . 40 22 5 Cannons 156 | . . . 20 14 . . . . . 15 4 8 12 11 5 12 6 . 10 6 3 5 9 3 . 7 . . 6 . AOE 70 | . 2 1 3 . . . . . . . . . . 13 . . . . . 3 8 . 1 3 . 20 . . 16 . Classes Destroyed 25 | 2 6 . 2 . 1 2 . . . 3 1 1 . . . 1 . . 1 1 1 . 1 . . 1 . . 1 . Worker 23 | . 2 . . 5 . . . . . . 2 . 2 . 4 . . . 1 2 . . . . 2 . . . 2 1 Builder 29 | . 1 . 5 1 . 4 . . . . 2 . 2 . 1 1 . . 3 2 . . . . 5 . . . 2 . Tunneler 11 | 5 2 . . . . . . . . . 2 . . . 1 . . . . . . . . . . . . . 1 . Hauler 29 | . 2 . 4 6 . . . . . . 2 . 2 . 1 . . . 5 2 . . . . 2 . . . 3 . Recycler 45 | 1 1 1 6 4 . 9 1 . . . 5 . 1 . 4 2 . . 2 3 . . . . 2 . . . 2 1 Mechanic 5 | . . . 1 . . . . . 1 . . . . . . . . . . . . . . . . 1 . 1 1 . Operator 6 | . . . . . . . . . . . 1 . . . 2 1 . . . 1 . . . . 1 . . . . . Watcher 19 | . 1 . 3 2 . . . . . . 1 . . . . 2 1 . 1 2 . . . . 2 1 . . 3 . Swarmer 121 | . 5 4 12 6 8 . 2 3 . 6 . 12 . 10 2 . . . . 3 7 . 4 4 5 8 . 18 2 . Cutter 4 | . . . . . . . . . . . . . . . . . . . . . . . . . . 4 . . . . Saboteur 2 | . . . . . . . . . . . . . . . . . . . . 1 . . . . . 1 . . . . Grunt 211 | . 4 2 14 5 8 1 . 12 2 20 6 13 15 16 2 8 . . 6 4 4 6 7 3 7 18 . 7 17 4 Brawler 14 | . . . . . . 1 . 1 1 1 1 1 2 . . 1 . . . 1 1 . . . . . . . 3 . Duelist 14 | . . . . . . . . . . 2 . . 3 4 1 . . . . . . . . . . 1 . . 3 . Protector 3 | . . . . . . . . . . 1 . . . . . . . . . . . . . . . . . . 1 1 Sentry 71 | . . . 5 6 2 3 . 5 2 . 1 4 6 . 4 6 . . 5 . 1 1 . . 1 6 . 12 1 . Demolisher 3 | . . . . . . 1 . . . 1 . . . . . . . . . . . . . . . . . 1 . . Specialist 5 | . . . . . . . . . . . . . . . . . . . . . . . . . . . . 1 4 . Hunter 38 | . . . . . . . . . . 1 2 . 2 3 2 4 . . . 2 2 . . . 6 5 . 2 7 . Programmer 36 | . . . . . 3 2 . 2 1 3 . 3 2 2 2 . . . 2 2 . 4 . . . 3 . . 5 . Heavy 1 | . . . . . . . . . . . . . . . . . . . . . . . . . . . . . 1 . Behemoth 8 | . . . . . . . . . . . . . . . . 2 . . 1 . 1 . . . 1 2 . 1 . . Cetus Guard 6 | . . . . . . . . . . . . . . . . . 6 . . . . . . . . . . . . . Enhanced Grunt 1 | . . . . . . . . . . . . . . . . . . . 1 . . . . . . . . . . . Striker 4 | . . . . . . . . . . . . . . . . . . . . . . . 3 . . 1 . . . . Executioner 2 | . . . . . . . . . . . . 1 . . . . . . . . . . 1 . . . . . . . Packrat 2 | . . . . . . . . . . . . . . . . . . . . . . 2 . . . . . . . . Samaritan 1 | . . . . . . . . . . . . . . . . . . . . . 1 . . . . . . . . . Infiltrator 1 | . . . . . . . . . . . . . . . . . . . 1 . . . . . . . . . . . Best Kill Streak 20 | 3 3 2 9 13 5 6 2 4 3 8 8 8 10 8 4 5 5 . 5 13 10 5 7 4 14 20 . 9 18 5 Combat Bots Only 20 | . 3 2 8 9 5 3 2 4 3 8 3 8 7 8 3 5 4 . 4 10 10 5 7 4 4 20 . 9 11 5 Max Kills in Single Turn 5 | 1 2 1 4 2 2 3 1 2 1 2 3 2 3 4 2 2 1 . 3 3 3 2 2 1 3 5 . 2 5 1 Gunslinging 1 | . . . 1 . 1 1 . 1 . 1 . . 1 . . . . . . . . . . . 1 . . 1 . . Exploded 5 | . 2 1 3 . . . . . . . . . . 4 . . . . . 2 3 . 1 1 . 5 . . 3 . Melee . | . . . . . . . . . . . . . . . . . . . . . . . . . . . . . . . Uniques/NPCs Destroyed . | . . . . . . . . . . . . . . . . . . . . . . . . . . . . . . . Combat | -11 -10 -10 -9 -9 -9 -9 -7 -7 -7 -7 -6 -6 -6 -6 -6 -6 -6 -6 -6 -5 -5 -5 -5 -4 -4 -4 -3 -3 -3 -3 -------- Run | Yrd Mat Min Mat Sto Gar Rec Fac Gar Fac Gar Fac Gar Fac Gar Fac Ext Cet Arc Hub Fac Upp Upp War Pro Fac Gar Res Gar Res Tes Hostile Shots Fired 2826 | . 45 38 72 60 55 13 6 147 56 140 73 185 171 112 57 101 13 . 73 62 54 54 99 20 131 211 . 175 478 125 Missed 867 | . 10 7 26 14 17 1 3 55 20 51 24 57 59 39 16 30 4 . 24 22 14 19 30 6 44 61 . 39 144 31 Hits 1959 | . 35 31 46 46 38 12 3 92 36 89 49 128 112 73 41 71 9 . 49 40 40 35 69 14 87 150 . 136 334 94 Melee 29 | . . . . . . . . . . 1 5 . 9 1 . . . . . . . . 4 . . . . . 9 . Projectile 1930 | . 35 31 46 46 38 12 3 92 36 88 44 128 103 72 41 71 9 . 49 40 40 35 65 14 87 150 . 136 325 94 AOE 5 | . . . . . . . . . . 2 . . . . . . . . . . . 1 . . . 1 . 1 . . Critical Strikes 73 | . . 1 . 1 2 1 . 2 . 1 2 1 2 4 1 3 1 . . 2 2 2 3 . 7 6 . 2 16 11 Actively Blocked 21 | . . . . . . . . . . . . . . . . . . . . . . . . . . 3 . 2 16 . Part Disruptions 3 | . . . . . . . . . . . . . . . . . . . . . . . . . . . . . 3 . Damage Taken 30117 | . 370 391 537 498 448 198 43 852 310 1433 612 1006 1493 1247 478 816 177 . 601 914 1146 794 1701 247 1559 2475 . 1802 5913 2056 Core 3505 | . 88 62 117 72 14 43 26 56 49 178 140 159 161 156 30 39 . . 34 99 165 94 117 . 151 144 . 92 765 454 Absorbed by Shields 4708 | . . . . . . . 3 161 . . 259 700 354 . . 131 66 . . . . . . . . 102 . 1426 1506 . Redirected to Shielding 37 | . 13 13 8 . . . . 3 . . . . . . . . . . . . . . . . . . . . . . Ignored by Resistances 780 | . . . . . . . . 84 . . . . . . . . . . . . . . . . 337 359 . . . . Regen/Repaired (Parts) 422 | . . . 45 . . . . . . . . . . . . . . . . . . . 377 . . . . . . . Core Remaining (%) 53 | 100 . 40 . . . 38 . . . 55 . . . . . . . . 15 . . . . 52 . 74 . . . . Volleys Fired 1693 | 12 51 28 79 63 37 38 5 139 16 152 45 92 48 63 33 42 10 3 37 27 36 26 16 10 48 264 2 147 98 26 Largest 8 | 2 2 2 4 4 4 4 5 5 5 5 5 6 6 6 6 6 6 2 6 7 7 7 7 7 7 7 8 8 8 4 Hottest 394 | 70 80 90 132 132 92 92 115 115 125 153 186 182 188 195 195 195 190 58 192 246 272 321 316 272 223 256 245 306 394 161 Shots Fired 6198 | 24 102 52 310 219 129 147 25 415 78 353 187 362 287 239 154 234 59 5 183 137 100 110 110 36 324 555 16 685 490 71 Gun 4274 | 24 100 52 84 53 129 147 25 346 78 218 144 327 190 147 104 84 20 4 62 55 53 68 52 15 321 305 16 634 348 69 Cannon 1509 | . . . 224 166 . . . 1 . 56 43 35 97 87 50 150 39 1 121 80 42 41 58 16 3 60 . 18 121 . Launcher 50 | . 2 . 2 . . . . . . . . . . 5 . . . . . 2 5 . . 5 . 8 . . 21 . Special 365 | . . . . . . . . 68 . 79 . . . . . . . . . . . 1 . . . 182 . 33 . 2 Kinetic 5453 | 12 49 9 297 219 129 147 25 346 78 274 187 362 287 234 154 234 59 5 175 110 69 63 83 24 319 356 16 647 423 61 Thermal 598 | 12 49 18 11 . . . . 69 . 79 . . . . . . . . 8 25 26 47 . . . 182 . 38 24 10 Explosive 50 | . 2 . 2 . . . . . . . . . . 5 . . . . . 2 5 . . 5 . 8 . . 21 . Electromagnetic 27 | . 2 25 . . . . . . . . . . . . . . . . . . . . . . . . . . . . Entropic 70 | . . . . . . . . . . . . . . . . . . . . . . . 27 7 5 9 . . 22 . Robot Hit Streak 51 | 10 12 8 12 11 14 11 6 36 7 23 10 32 22 13 21 34 14 14 24 23 27 32 16 12 11 51 4 25 7 5 Robot Miss Streak 23 | 2 3 2 12 9 4 3 4 6 5 23 6 8 4 7 2 3 2 . 6 2 3 2 2 1 5 8 2 10 14 4 Penetration Max 2 | . . . . . . . . . . . 1 1 1 1 2 1 1 . 1 1 . 1 1 . 2 1 . 1 1 1 Secondary Targets 52 | . 1 . 3 1 8 1 . 8 . 3 . 2 2 . . . . . . . . . . . 7 1 . 12 1 2 Max Gunslinging Chain 2 | . 1 . 1 1 2 1 . 1 . 1 . 1 1 . . . . . . . . . . . 1 1 . 2 1 1 Shots Hit Robots 3448 | 17 50 36 124 97 72 120 11 291 40 226 102 209 172 149 79 137 36 3 91 60 56 74 56 22 182 359 10 323 209 35 Core Hits 1715 | 7 27 10 60 42 30 33 5 109 25 133 50 94 94 121 49 60 20 2 51 35 33 25 27 14 70 176 2 157 132 22 Critical Kills 79 | . . . . 1 2 1 1 7 . 2 . 5 5 2 5 4 . 1 . 2 2 1 2 . 8 7 . 12 8 1 Critical Parts Destroyed 110 | 1 . . . . 1 . . 8 1 6 6 11 5 5 5 5 . . 1 4 1 1 5 . 9 4 . 15 13 3 Critical Strikes 323 | 1 2 2 4 4 3 1 1 19 1 17 9 22 17 18 15 20 4 1 11 12 5 5 18 1 20 16 . 35 35 4 Burn 6 | . 2 1 1 . . . . . . . . . . . . . . . . . . 2 . . . . . . . . Destroy 201 | 1 . . . 1 3 1 1 15 1 8 6 17 12 7 10 10 1 1 1 6 4 2 8 . 20 11 . 29 21 4 Blast 80 | . . . 3 3 . . . . . 6 3 5 5 4 5 10 3 . 10 6 1 1 5 . . 2 . . 8 . Corrupt 1 | . . 1 . . . . . . . . . . . . . . . . . . . . . . . . . . . . Sever 23 | . . . . . . . . 4 . 3 . . . 7 . . . . . . . . . . . 3 . 6 . . Detonate 2 | . . . . . . . . . . . . . . . . . . . . . . . . . . . . . 2 . Sunder 10 | . . . . . . . . . . . . . . . . . . . . . . . 5 1 . . . . 4 . Melee Attacks 143 | . . . . 3 10 36 . 31 . 6 . 6 . 30 . . . . . . . . . . . . . . 1 20 Impact 74 | . . . . 3 10 3 . 31 . 6 . . . . . . . . . . . . . . . . . . 1 20 Slashing 36 | . . . . . . . . . . . . 6 . 30 . . . . . . . . . . . . . . . . Piercing . | . . . . . . . . . . . . . . . . . . . . . . . . . . . . . . . Sneak Attacks 29 | . . . . . . 29 . . . . . . . . . . . . . . . . . . . . . . . . Combat Hostiles . | . . . . . . . . . . . . . . . . . . . . . . . . . . . . . . . Follow-up Attacks . | . . . . . . . . . . . . . . . . . . . . . . . . . . . . . . . Damage Inflicted 96533 | 221 690 498 2498 2197 1217 1474 162 3910 662 4848 3541 5128 5192 6913 2644 4075 1144 66 3330 2385 2230 2400 2559 878 5169 10791 225 7137 11006 1343 Guns 51008 | 221 589 449 612 490 1217 1474 162 3161 662 2125 1832 4023 3044 1969 1483 884 255 66 631 638 960 1490 1241 168 5020 3569 225 6611 4404 1333 Cannons 27486 | . . . 1711 1707 . . . . . 1899 1432 1105 2148 1362 1161 3191 889 . 2441 1405 541 899 1318 350 125 1195 . 174 2433 . Explosions 11758 | . 101 49 175 . . . . . . 1 277 . . 1217 . . . . 258 342 729 . . 360 24 4056 . . 4169 . Melee 2365 | . . . . . . . . . . . . . . 2365 . . . . . . . . . . . . . . . . Ramming . | . . . . . . . . . . . . . . . . . . . . . . . . . . . . . . . Kinetic 73359 | 134 303 87 2226 2197 1217 1474 162 3161 662 4024 3264 5128 5192 3331 2644 4075 1144 66 2935 1754 1239 1705 1637 317 4975 4473 225 6785 5606 1217 Thermal 7258 | 87 273 214 97 . . . . 749 . 823 205 . . . . . . . 137 289 262 695 . . 24 2141 . 352 784 126 Explosive 10675 | . 101 . 175 . . . . . . 1 72 . . 1217 . . . . . 342 729 . . 360 . 3886 . . 3792 . Electromagnetic 468 | . 13 197 . . . . . . . . . . . . . . . . 258 . . . . . . . . . . . Impact . | . . . . . . . . . . . . . . . . . . . . . . . . . . . . . . . Slashing 2365 | . . . . . . . . . . . . . . 2365 . . . . . . . . . . . . . . . . Piercing . | . . . . . . . . . . . . . . . . . . . . . . . . . . . . . . . Entropic 2408 | . . . . . . . . . . . . . . . . . . . . . . . 922 201 170 291 . . 824 . Highest Corruption 29 | . . . . . 1 1 . . . 2 4 6 13 15 15 15 15 15 16 1 4 4 4 . . 2 . . 17 29 Average Corruption 6 | . . . . . 1 1 . . . 1 3 5 7 14 15 15 15 15 15 1 3 4 4 . . 1 . . 11 18 Corruption Purged . | . . . . . . . . . . . . . . . . . . . . . . . . . . . . . . . Corruption Blocked . | . . . . . . . . . . . . . . . . . . . . . . . . . . . . . . . Effects 569 | . . . . . 10 16 . . . 22 28 50 47 73 37 70 16 5 66 . 38 20 2 . . 17 . . 35 17 Message Errors 129 | . . . . . 1 5 . . . 7 5 13 11 15 2 17 1 1 17 . 13 3 1 . . 6 . . 6 5 Matter Fused 123 | . . . . . 2 1 . . . 4 2 8 11 21 14 17 5 . 16 . 2 8 . . . 3 . . 6 3 Heat Flow Errors 67 | . . . . . 4 2 . . . 1 3 7 4 9 4 6 1 1 10 . 3 4 . . . 1 . . 4 3 Energy Discharges 53 | . . . . . . 1 . . . 2 2 6 3 6 5 3 2 2 9 . 5 3 . . . 1 . . 2 1 Parts Rejected 3 | . . . . . . . . . . . . . 1 . . 1 . . . . . . . . . . . . 1 . Parts Fused 8 | . . . . . . . . . . 1 1 . . 1 1 2 . . 1 . . . . . . . . . . 1 Data Loss (minor) 66 | . . . . . 2 3 . . . 2 8 5 6 5 2 8 3 . 3 . 9 1 . . . 3 . . 5 1 Data Loss (major) 22 | . . . . . . . . . . 1 1 2 4 3 . 1 1 . 1 . 2 . . . . 2 . . 2 2 Misfires 29 | . . . . . . 1 . . . 1 3 3 2 6 2 4 1 . 3 . 2 1 . . . . . . . . Alerts 18 | . . . . . . 1 . . . . 1 . 2 2 1 3 . 1 3 . 1 . 1 . . 1 . . 1 . Misdirections 6 | . . . . . . . . . . . . . 1 . 1 2 . . . . . . . . . . . . 1 1 Weapon Failures 45 | . . . . . 1 2 . . . 3 2 6 2 5 5 6 2 . 3 . 1 . . . . . . . 7 . Overload Shots . | . . . . . . . . . . . . . . . . . . . . . . . . . . . . . . . Overflow Damage 1943 | . . 11 49 11 . . . . . 246 164 275 39 237 51 86 . . 76 25 31 182 24 20 11 162 . . 243 . Projectiles 1252 | . . . 21 11 . . . . . 246 61 275 39 72 51 86 . . 35 25 18 182 24 . . 41 . . 65 . Explosions 562 | . . 11 28 . . . . . . . 103 . . 36 . . . . 41 . 13 . . 20 11 121 . . 178 . Melee 129 | . . . . . . . . . . . . . . 129 . . . . . . . . . . . . . . . . Knockbacks 137 | . . . 16 7 . . . . . 12 6 3 16 10 8 15 . . 7 2 . 7 10 1 . 2 . 1 14 . Impact . | . . . . . . . . . . . . . . . . . . . . . . . . . . . . . . . Kinetic 130 | . . . 16 7 . . . . . 10 6 3 15 10 8 13 . . 7 2 . 7 8 1 . 2 . 1 14 . Secondary 7 | . . . . . . . . . . 2 . . 1 . . 2 . . . . . . 2 . . . . . . . Self-Inflicted Damage 427 | . 34 37 . . . . . . . . . . . . . . . . 109 . 40 . . 19 58 . . . 130 . Shots 11 | . 2 1 . . . . . . . . . . . . . . . . 1 . 1 . . 2 1 . . . 3 . Rammed . | . . . . . . . . . . . . . . . . . . . . . . . . . . . . . . . Targets Rammed . | . . . . . . . . . . . . . . . . . . . . . . . . . . . . . . . Kicked . | . . . . . . . . . . . . . . . . . . . . . . . . . . . . . . . Crushed . | . . . . . . . . . . . . . . . . . . . . . . . . . . . . . . . Highest Temperature 459 | 27 168 273 414 98 244 196 . 414 10 166 241 258 161 238 174 205 151 137 245 48 71 348 229 212 447 293 . 211 413 459 Average Temperature 68 | 10 33 107 105 25 45 46 . 110 5 18 61 78 20 46 63 44 77 88 65 19 27 100 80 91 72 70 . 48 107 170 Received Heat Transfer 5482 | . 102 162 135 108 132 72 . 271 102 531 119 167 324 378 39 167 . . 111 18 108 244 381 24 497 320 . 162 610 198 Effects 13 | . . 1 3 . . . . 1 . . . . . 1 . . . . 1 . . . . . 4 . . . 1 1 Shutdowns 3 | . . . 1 . . . . . . . . . . . . . . . . . . . . . 1 . . . . 1 Energy Bleed 4 | . . 1 . . . . . . . . . . . . . . . . 1 . . . . . 2 . . . . . Interference 2 | . . . 1 . . . . . . . . . . 1 . . . . . . . . . . . . . . . . Matter Decay 2 | . . . . . . . . 1 . . . . . . . . . . . . . . . . 1 . . . . . Short Circuit 1 | . . . . . . . . . . . . . . . . . . . . . . . . . . . . . 1 . Damage (minor) 1 | . . . 1 . . . . . . . . . . . . . . . . . . . . . . . . . . . Siege Activations . | . . . . . . . . . . . . . . . . . . . . . . . . . . . . . . . Martial Activations . | . . . . . . . . . . . . . . . . . . . . . . . . . . . . . . . Shielding Activations . | . . . . . . . . . . . . . . . . . . . . . . . . . . . . . . . Robots Disrupted . | . . . . . . . . . . . . . . . . . . . . . . . . . . . . . . . Combat Hostiles . | . . . . . . . . . . . . . . . . . . . . . . . . . . . . . . . Robots Corrupted . | . . . . . . . . . . . . . . . . . . . . . . . . . . . . . . . Combat Hostiles . | . . . . . . . . . . . . . . . . . . . . . . . . . . . . . . . Parts Fried 2 | . . . . . . . . . . . . . . . . . . . 2 . . . . . . . . . . . Impact Corruptions . | . . . . . . . . . . . . . . . . . . . . . . . . . . . . . . . Robots Melted 1 | . . . . . . . . 1 . . . . . . . . . . . . . . . . . . . . . . Combat Hostiles . | . . . . . . . . . . . . . . . . . . . . . . . . . . . . . . . Parts Melted 14 | . 2 2 . 1 . . . 1 . . . . . . . . . . . 1 3 2 . . . . . . 2 . Heat Transferred 18909 | 259 962 655 296 . . . . 2479 . 2775 150 . . . . . . . 200 450 450 1398 . . 50 6786 . 1184 631 184 Parts Sabotaged 12 | . . . . . . . . . . . . . 4 . . . . . . . . . . . . . . . 8 . Parts Stolen . | . . . . . . . . . . . . . . . . . . . . . . . . . . . . . . . Parts Stripped . | . . . . . . . . . . . . . . . . . . . . . . . . . . . . . . . Power Chain Reactions 5 | . . 1 . . . . . . . . . . . . . . . . . . . . . . . 1 . . 3 . Alert | -11 -10 -10 -9 -9 -9 -9 -7 -7 -7 -7 -6 -6 -6 -6 -6 -6 -6 -6 -6 -5 -5 -5 -5 -4 -4 -4 -3 -3 -3 -3 ------- Run | Yrd Mat Min Mat Sto Gar Rec Fac Gar Fac Gar Fac Gar Fac Gar Fac Ext Cet Arc Hub Fac Upp Upp War Pro Fac Gar Res Gar Res Tes Maximum Alert Level 5 | . . . 2 1 5 4 3 5 4 5 4 5 5 5 4 4 3 1 4 3 . . . . 2 5 5 5 5 5 Low Security (%) 17 | 100 100 100 72 84 1 . . . . . . . . . . . . . 13 . . . . . 37 . . . . . Level 1 3 | . . . 24 15 6 . . . . . . . . . . . . 100 5 . . . . . 14 1 . . . . Level 2 6 | . . . 3 . 10 . . 1 . 3 . . . . . 55 72 . 14 33 . . . . 47 5 . . . . Level 3 17 | . . . . . 18 73 100 26 91 24 . 9 . . . 43 27 . 43 66 . . . . . . . . . . Level 4 21 | . . . . . 17 26 . 30 8 24 100 29 88 12 100 . . . 22 . . . . . . 16 . 9 . . Level 5 32 | . . . . . 45 . . 41 . 47 . 60 11 87 . . . . . . . . . . . 75 100 90 75 82 High Security 1 | . . . . . . . . . . . . . . . . . . . . . . . . . . . . . 24 17 Max Security . | . . . . . . . . . . . . . . . . . . . . . . . . . . . . . . . Peak Influence 3749 | 10 133 64 470 283 2272 1148 908 2168 1143 2210 1340 2348 1837 2590 1581 1147 764 301 1404 1003 . . . . 602 2914 1822 3749 3132 1770 Initial 2108 | . . 46 . 195 113 1022 816 593 1138 695 1159 910 1232 1291 1359 764 640 285 87 686 . . . . 25 369 1638 1354 2108 1755 Average 1242 | 2 49 18 140 155 1325 1055 828 1415 974 1461 1233 1736 1426 2067 1395 671 670 279 822 749 . . . . 340 1859 1751 2722 2382 1727 Influence Increases 28829 | 30 449 181 1150 698 2329 730 552 1905 186 1535 626 1448 1141 1319 576 1247 314 26 2105 639 369 240 346 161 826 2755 218 2765 1758 205 Destroy 0b10 Robot/C 12720 | . 180 120 620 360 800 160 80 720 120 680 200 680 700 700 260 620 160 . 640 300 320 220 300 140 400 1080 80 1140 860 80 Destroy 0b10 Robot/NC 1150 | 30 45 5 95 90 . 85 5 50 5 30 75 30 35 35 65 35 10 5 90 65 . . . . 70 60 . 45 75 15 Destroy Leader 1832 | . 46 20 144 106 20 . 20 50 40 60 56 50 184 60 92 106 . . 228 50 40 20 . 20 78 90 20 50 172 10 Allied During Kill 3146 | . . . . 25 515 168 97 273 . . . 1 59 . . 225 116 5 663 32 9 . 1 1 . 307 100 549 . . Successful Hack 449 | . 30 . 65 8 44 58 . 14 5 . 14 14 14 16 41 38 . . 28 14 . . . . . 14 14 14 . 4 Select Force Hacks 300 | . 60 . 30 . . 210 . . . . . . . . . . . . . . . . . . . . . . . . Disable Machine 1515 | . . . 75 75 15 45 . 15 . 45 150 30 45 30 75 180 15 15 255 60 . . . . 135 75 . 60 60 60 Anti-Garrison Action 4650 | . . . . . 900 . . 700 . 500 . 550 . 350 . . . . . . . . . . . 900 . 750 . . Destroy Structure 1802 | . 13 6 46 19 20 4 . 53 1 85 86 78 44 83 43 43 13 1 201 118 . . . . 128 184 4 67 426 36 Advance Influence 350 | . . . . . . . 350 . . . . . . . . . . . . . . . . . . . . . . . Partial Spotted 30 | . 15 . . . . . . . . . 15 . . . . . . . . . . . . . . . . . . . Lose Combat Pursuer 885 | . 60 30 75 15 15 . . 30 15 135 30 15 60 45 . . . . . . . . 45 . 15 45 . 90 165 . Influence Decreases 27189 | 30 330 299 687 987 232 1890 816 585 1360 319 1535 401 1644 574 1605 1665 743 489 956 1060 996 502 202 355 338 369 1326 822 2385 1687 Entered New Map 16500 | . . 73 1 269 62 1250 646 255 1030 299 1051 391 1116 554 1231 797 503 429 164 714 363 68 90 234 15 159 1276 452 1641 1367 Time Decay 7352 | 30 330 206 539 558 . 640 110 . 160 . 474 . 458 . 374 498 180 60 542 326 553 374 32 91 233 . 50 . 374 160 Lost Part 1250 | . . 20 20 10 10 . . . 10 20 10 10 50 20 . 20 . . 20 20 60 60 80 10 90 110 . 70 370 160 Lost Ally 1370 | . . . 10 . 160 . 60 330 10 . . . 20 . . 200 60 . 80 . 20 . . 20 . 100 . 300 . . Purge Threat 717 | . . . 117 150 . . . . 150 . . . . . . 150 . . 150 . . . . . . . . . . . Squads Dispatched 94 | . 3 . 3 2 . . 3 . 1 . 7 . 14 . 5 5 . . 13 4 . . . . 6 . 2 . 19 7 Investigation 16 | . 3 . 1 2 . . . . . . 2 . . . 1 2 . . 2 1 . . . . 1 . 1 . . . Extermination 15 | . . . . . . . . . . . 1 . 2 . 2 . . . 5 1 . . . . 1 . . . 2 1 Reinforcement 30 | . . . 2 . . . 1 . . . 3 . 4 . 1 2 . . 5 1 . . . . 3 . . . 5 3 Assault 25 | . . . . . . . . . . . 1 . 5 . 1 1 . . 1 1 . . . . . . . . 12 3 Garrison 8 | . . . . . . . 2 . 1 . . . 3 . . . . . . . . . . . 1 . 1 . . . Intercept . | . . . . . . . . . . . . . . . . . . . . . . . . . . . . . . . Searches Triggered . | . . . . . . . . . . . . . . . . . . . . . . . . . . . . . . . Construction Impeded 6 | . . . . . . . . . . . 1 . 1 . . 1 . . 1 . . . . . . . . . 1 1 Haulers Reinforced 5 | . . . . . . . . . . . 1 . 1 . . . . . . 1 . . . . 2 . . . . . Active Scanning Responses . | . . . . . . . . . . . . . . . . . . . . . . . . . . . . . . . Cargo Convoy Interrupts . | . . . . . . . . . . . . . . . . . . . . . . . . . . . . . . . Stealth | -11 -10 -10 -9 -9 -9 -9 -7 -7 -7 -7 -6 -6 -6 -6 -6 -6 -6 -6 -6 -5 -5 -5 -5 -4 -4 -4 -3 -3 -3 -3 --------- Run | Yrd Mat Min Mat Sto Gar Rec Fac Gar Fac Gar Fac Gar Fac Gar Fac Ext Cet Arc Hub Fac Upp Upp War Pro Fac Gar Res Gar Res Tes Distress Signals 15 | . 2 . 3 3 . . . . . . . . 2 . . . 2 . 1 . . . . . 2 . . . . . Communications Jammed . | . . . . . . . . . . . . . . . . . . . . . . . . . . . . . . . Distress Signals . | . . . . . . . . . . . . . . . . . . . . . . . . . . . . . . . Times Spotted 766 | . 21 8 44 26 38 5 4 38 8 41 16 34 43 40 16 31 10 . 26 18 15 14 30 7 22 60 2 59 78 12 Peak Tracking Total 15 | . 4 2 5 3 5 2 1 10 3 7 4 5 7 10 3 4 5 . 4 6 7 5 15 4 5 13 2 10 9 5 Tactical Retreats 43 | . 3 2 4 1 1 . . 2 1 6 2 1 3 3 . . . . . . . . 2 . 1 2 . 5 4 . Traps | -11 -10 -10 -9 -9 -9 -9 -7 -7 -7 -7 -6 -6 -6 -6 -6 -6 -6 -6 -6 -5 -5 -5 -5 -4 -4 -4 -3 -3 -3 -3 ------- Run | Yrd Mat Min Mat Sto Gar Rec Fac Gar Fac Gar Fac Gar Fac Gar Fac Ext Cet Arc Hub Fac Upp Upp War Pro Fac Gar Res Gar Res Tes Traps Triggered 58 | . 1 . 2 2 8 . . 7 . 4 3 9 2 2 1 4 . . . 2 . . . . . 5 . 5 1 . Indirectly . | . . . . . . . . . . . . . . . . . . . . . . . . . . . . . . . Trap Hack Attempts 11 | . . . 11 . . . . . . . . . . . . . . . . . . . . . . . . . . . Triggered . | . . . . . . . . . . . . . . . . . . . . . . . . . . . . . . . Disarmed . | . . . . . . . . . . . . . . . . . . . . . . . . . . . . . . . Reprogrammed 1 | . . . 1 . . . . . . . . . . . . . . . . . . . . . . . . . . . Reused . | . . . . . . . . . . . . . . . . . . . . . . . . . . . . . . . Traps Extracted . | . . . . . . . . . . . . . . . . . . . . . . . . . . . . . . . Installed . | . . . . . . . . . . . . . . . . . . . . . . . . . . . . . . . Triggered . | . . . . . . . . . . . . . . . . . . . . . . . . . . . . . . . Machines | -11 -10 -10 -9 -9 -9 -9 -7 -7 -7 -7 -6 -6 -6 -6 -6 -6 -6 -6 -6 -5 -5 -5 -5 -4 -4 -4 -3 -3 -3 -3 ---------- Run | Yrd Mat Min Mat Sto Gar Rec Fac Gar Fac Gar Fac Gar Fac Gar Fac Ext Cet Arc Hub Fac Upp Upp War Pro Fac Gar Res Gar Res Tes Machines Disabled 153 | . . . 5 5 10 3 . 5 . 10 10 9 3 7 5 12 1 1 17 4 . 1 1 . 9 15 . 12 4 4 Max in Single Turn 10 | . . . 2 1 1 2 . 1 . 2 4 1 1 1 2 1 1 1 10 1 . 1 1 . 2 1 . 1 1 1 Garrison Relay 33 | . . . . . 6 . . 4 . 4 . 5 . 4 . . . . . . . . . . . 5 . 5 . . Phase Generator 6 | . . . . . 1 . . . . 1 . 1 . 1 . . . . . . . . . . . 1 . 1 . . Network Hub 1 | . . . . . . . . . . . . . . . . . . . 1 . . . . . . . . . . . Machines Repaired . | . . . . . . . . . . . . . . . . . . . . . . . . . . . . . . . Machines Dismantled 26 | . . . . 1 5 . . 1 . . . 3 . 1 . 8 1 . . . . . 1 . . 2 . 3 . . Machines Sabotaged . | . . . . . . . . . . . . . . . . . . . . . . . . . . . . . . . Overloaded Fab Kills . | . . . . . . . . . . . . . . . . . . . . . . . . . . . . . . . Hacking | -11 -10 -10 -9 -9 -9 -9 -7 -7 -7 -7 -6 -6 -6 -6 -6 -6 -6 -6 -6 -5 -5 -5 -5 -4 -4 -4 -3 -3 -3 -3 --------- Run | Yrd Mat Min Mat Sto Gar Rec Fac Gar Fac Gar Fac Gar Fac Gar Fac Ext Cet Arc Hub Fac Upp Upp War Pro Fac Gar Res Gar Res Tes Machines Accessed 127 | . 10 1 12 12 4 13 1 3 4 2 3 2 4 3 5 14 . . 15 3 . 3 4 . 2 1 1 3 . 2 Terminals 90 | . 8 . 9 11 4 6 . 3 2 2 . 2 1 3 4 14 . . 13 2 . . . . 1 1 . 3 . 1 Fabricators 5 | . . . . . . . . . 1 . 1 . 2 . . . . . . 1 . . . . . . . . . . Repair Stations 2 | . . . 1 . . . . . . . . . . . . . . . . . . . . . . . . . . 1 Recycling Units 10 | . 2 . 1 . . 7 . . . . . . . . . . . . . . . . . . . . . . . . Scanalyzers 2 | . . . 1 . . . . . . . . . . . 1 . . . . . . . . . . . . . . . Garrison Access 10 | . . . . 1 . . 1 . 1 . 2 . 1 . . . . . 2 . . . . . 1 . 1 . . . Total Hacks 306 | . 23 1 36 32 10 28 2 6 12 4 7 5 5 3 11 39 . . 29 7 . 6 8 . 7 1 4 11 . 9 Successful 123 | . 11 1 18 12 3 17 1 3 4 2 1 1 1 1 5 11 . . 6 4 . 6 8 . 1 1 1 1 . 3 Failed 183 | . 12 . 18 20 7 11 1 3 8 2 6 4 4 2 6 28 . . 23 3 . . . . 6 . 3 10 . 6 Catastrophic 58 | . 2 . 1 3 2 5 . 1 3 1 2 1 2 2 4 13 . . 7 . . . . . 2 . 2 4 . 1 Database Lockouts . | . . . . . . . . . . . . . . . . . . . . . . . . . . . . . . . Manual 110 | . 19 . 24 14 . 25 1 1 5 2 2 . . . 2 4 1 . 2 . . . . . 5 . 3 . . . Terminals 232 | . 21 . 30 30 10 19 . 6 5 4 . 5 2 3 10 39 . . 24 4 . . . . 1 1 . 11 . 7 Fabricators 11 | . . . . . . . . . 4 . 2 . 2 . . . . . . 3 . . . . . . . . . . Repair Stations 4 | . . . 2 . . . . . . . . . . . . . . . . . . . . . . . . . . 2 Recycling Units 13 | . 2 . 2 . . 9 . . . . . . . . . . . . . . . . . . . . . . . . Scanalyzers 3 | . . . 2 . . . . . . . . . . . 1 . . . . . . . . . . . . . . . Garrison Access 28 | . . . . 2 . . 2 . 3 . 5 . 1 . . . . . 5 . . . . . 6 . 4 . . . Terminal Hacks 71 | . 3 1 5 7 3 5 . 2 1 1 . 1 . 1 5 11 . . 5 1 . 6 8 . . 1 . 1 . 3 Record 10 | . . . . . . . . . . . . . . . . . . . . . . 4 6 . . . . . . . Part Schematic 12 | . . . 2 2 . 4 . . . . . . . . . 3 . . 1 . . . . . . . . . . . Robot Schematic 1 | . 1 . . . . . . . . . . . . . . . . . . . . . . . . . . . . . Prototype ID Bank 6 | . 1 . . . . 1 . . . . . . . . 1 2 . . . . . . . . . . . . . 1 Open Door 13 | . . 1 . 3 . . . 1 . . . . . . 1 3 . . . . . 2 2 . . . . . . . Branch Access Points 3 | . . . 1 . . . . . . . . . . . 1 . . . . 1 . . . . . . . . . . Emergency Access Points 8 | . . . . . 1 . . . . 1 . 1 . . 1 . . . 2 . . . . . . . . 1 . 1 Alert Level 2 | . . . . . . . . . . . . . . . 1 1 . . . . . . . . . . . . . . Unreport Threat 5 | . . . 1 1 . . . . 1 . . . . . . 1 . . 1 . . . . . . . . . . . Locate Traps 3 | . . . . 1 . . . . . . . . . . . 1 . . . . . . . . . . . . . 1 Hauler Manifests 2 | . 1 . . . . . . . . . . . . . . . . . 1 . . . . . . . . . . . Registered Components 1 | . . . 1 . . . . . . . . . . . . . . . . . . . . . . . . . . . Garrison Registry 2 | . . . . . 1 . . . . . . . . . . . . . . . . . . . . 1 . . . . Patrol Navigation 1 | . . . . . . . . 1 . . . . . . . . . . . . . . . . . . . . . . Security Stations 2 | . . . . . 1 . . . . . . . . 1 . . . . . . . . . . . . . . . . Fabricator Hacks 4 | . . . . . . . . . 1 . . . . . . . . . . 3 . . . . . . . . . . Network Status 2 | . . . . . . . . . 1 . . . . . . . . . . 1 . . . . . . . . . . Load Schematic 1 | . . . . . . . . . . . . . . . . . . . . 1 . . . . . . . . . . Build 1 | . . . . . . . . . . . . . . . . . . . . 1 . . . . . . . . . . Repair Station Hacks 2 | . . . 2 . . . . . . . . . . . . . . . . . . . . . . . . . . . Scan Component 1 | . . . 1 . . . . . . . . . . . . . . . . . . . . . . . . . . . Repair 1 | . . . 1 . . . . . . . . . . . . . . . . . . . . . . . . . . . Recycling Unit Hacks . | . . . . . . . . . . . . . . . . . . . . . . . . . . . . . . . Scanalyzer 2 | . . . 2 . . . . . . . . . . . . . . . . . . . . . . . . . . . Insert Component 1 | . . . 1 . . . . . . . . . . . . . . . . . . . . . . . . . . . Analyze 1 | . . . 1 . . . . . . . . . . . . . . . . . . . . . . . . . . . Garrison Access Hacks 7 | . . . . 1 . . 1 . 1 . 1 . 1 . . . . . . . . . . . 1 . 1 . . . Unlock Access 7 | . . . . 1 . . 1 . 1 . 1 . 1 . . . . . . . . . . . 1 . 1 . . . Unauthorized Hacks 36 | . 8 . 8 4 . 12 . 1 1 1 . . . . . . . . 1 . . . . . . . . . . . Terminals 24 | . 6 . 7 3 . 5 . 1 . 1 . . . . . . . . 1 . . . . . . . . . . . Assimilate 2 | . . . 1 . . . . . . . . . . . . . . . 1 . . . . . . . . . . . Botnet 2 | . . . . 2 . . . . . . . . . . . . . . . . . . . . . . . . . . Operators 2 | . 1 . 1 . . . . . . . . . . . . . . . . . . . . . . . . . . . Skim 15 | . 5 . 5 . . 5 . . . . . . . . . . . . . . . . . . . . . . . . Search 1 | . . . . 1 . . . . . . . . . . . . . . . . . . . . . . . . . . Override 2 | . . . . . . . . 1 . 1 . . . . . . . . . . . . . . . . . . . . Fabricators 1 | . . . . . . . . . 1 . . . . . . . . . . . . . . . . . . . . . Haulers 1 | . . . . . . . . . 1 . . . . . . . . . . . . . . . . . . . . . Repair Stations . | . . . . . . . . . . . . . . . . . . . . . . . . . . . . . . . Recycling Units 10 | . 2 . 1 . . 7 . . . . . . . . . . . . . . . . . . . . . . . . Tunnel 10 | . 2 . 1 . . 7 . . . . . . . . . . . . . . . . . . . . . . . . Scanalyzers . | . . . . . . . . . . . . . . . . . . . . . . . . . . . . . . . Garrison Access 1 | . . . . 1 . . . . . . . . . . . . . . . . . . . . . . . . . . Reprogram 1 | . . . . 1 . . . . . . . . . . . . . . . . . . . . . . . . . . Data Cores Recovered 3 | . . . . . . . . . . . . . . . 1 . . . 1 1 . . . . . . . . . . Used . | . . . . . . . . . . . . . . . . . . . . . . . . . . . . . . . Hacking Detections 102 | . 8 . 12 9 4 7 1 2 3 2 3 2 4 2 5 12 . . 15 3 . . . . 2 . 1 3 . 2 Full Trace Events 13 | . . . . 1 1 . . 1 . . 2 2 . . 1 . . . 2 1 . . . . 1 . 1 . . . Feedback Events 2 | . . . . . 1 . . . . . 1 . . . . . . . . . . . . . . . . . . . Corruption 2 | . . . . . 1 . . . . . 1 . . . . . . . . . . . . . . . . . . . Feedback Blocked . | . . . . . . . . . . . . . . . . . . . . . . . . . . . . . . . Robot Schematics Acquired 1 | . 1 . . . . . . . . . . . . . . . . . . . . . . . . . . . . . Robots Built . | . . . . . . . . . . . . . . . . . . . . . . . . . . . . . . . Authchips . | . . . . . . . . . . . . . . . . . . . . . . . . . . . . . . . Time . | . . . . . . . . . . . . . . . . . . . . . . . . . . . . . . . Total Robot Build Rating . | . . . . . . . . . . . . . . . . . . . . . . . . . . . . . . . Part Schematics Acquired 13 | . . . 3 2 . 4 . . . . . . . . . 3 . . 1 . . . . . . . . . . . Parts Built 2 | . . . . . . . . . . . . . . . . . . . . 2 . . . . . . . . . . Authchips . | . . . . . . . . . . . . . . . . . . . . . . . . . . . . . . . Time 73 | . . . . . . . . . . . . . . . . . . . . 73 . . . . . . . . . . Total Part Build Rating 6 | . . . . . . . . . . . . . . . . . . . . 6 . . . . . . . . . . Parts Repaired 1 | . . . 1 . . . . . . . . . . . . . . . . . . . . . . . . . . . Time 16 | . . . 16 . . . . . . . . . . . . . . . . . . . . . . . . . . . Parts Recycled . | . . . . . . . . . . . . . . . . . . . . . . . . . . . . . . . Recycled Matter . | . . . . . . . . . . . . . . . . . . . . . . . . . . . . . . . Retrieved Matter . | . . . . . . . . . . . . . . . . . . . . . . . . . . . . . . . Retrieved Components . | . . . . . . . . . . . . . . . . . . . . . . . . . . . . . . . Parts Scanalyzed 1 | . . . 1 . . . . . . . . . . . . . . . . . . . . . . . . . . . Part Schematics Acquired 1 | . . . 1 . . . . . . . . . . . . . . . . . . . . . . . . . . . Parts Damaged . | . . . . . . . . . . . . . . . . . . . . . . . . . . . . . . . Bothacking | -11 -10 -10 -9 -9 -9 -9 -7 -7 -7 -7 -6 -6 -6 -6 -6 -6 -6 -6 -6 -5 -5 -5 -5 -4 -4 -4 -3 -3 -3 -3 ------------ Run | Yrd Mat Min Mat Sto Gar Rec Fac Gar Fac Gar Fac Gar Fac Gar Fac Ext Cet Arc Hub Fac Upp Upp War Pro Fac Gar Res Gar Res Tes Used RIF Installer . | . . . . . . . . . . . . . . . . . . . . . . . . . . . . . . . Robots Hacked . | . . . . . . . . . . . . . . . . . . . . . . . . . . . . . . . Non-combat . | . . . . . . . . . . . . . . . . . . . . . . . . . . . . . . . Combat . | . . . . . . . . . . . . . . . . . . . . . . . . . . . . . . . Robot Hacks Applied . | . . . . . . . . . . . . . . . . . . . . . . . . . . . . . . . Relay Couplers Released 130 | . . . . . 27 . . 16 . 14 . 23 . 12 . . . . . . . . . . . 20 . 18 . . Machine Destruction 127 | . . . . . 24 . . 16 . 14 . 23 . 12 . . . . . . . . . . . 20 . 18 . . Programmers 3 | . . . . . 3 . . . . . . . . . . . . . . . . . . . . . . . . . Fabnet Peak Effective % . | . . . . . . . . . . . . . . . . . . . . . . . . . . . . . . . Robots Rewired 44 | . . . . . 4 14 . 2 . . . 1 . . . . . . . . 1 . . . . 19 . 3 . . Allies Hacked 2 | . . . . . 1 1 . . . . . . . . . . . . . . . . . . . . . . . . Hacks Repelled . | . . . . . . . . . . . . . . . . . . . . . . . . . . . . . . . Allies | -11 -10 -10 -9 -9 -9 -9 -7 -7 -7 -7 -6 -6 -6 -6 -6 -6 -6 -6 -6 -5 -5 -5 -5 -4 -4 -4 -3 -3 -3 -3 -------- Run | Yrd Mat Min Mat Sto Gar Rec Fac Gar Fac Gar Fac Gar Fac Gar Fac Ext Cet Arc Hub Fac Upp Upp War Pro Fac Gar Res Gar Res Tes Total Allies 85 | . . . 1 13 6 14 . 2 . . . 1 . . . 16 5 . . . 1 . . . . 21 . 5 . . Largest Group 23 | . . . 1 13 16 23 23 19 1 . . 1 1 . . 6 7 7 6 1 1 . . . . 17 12 12 . . Highest-Rated Group 671 | . . . 10 112 200 374 350 301 27 . . 99 99 . . 316 671 671 519 96 30 . . . . 651 619 619 . . Highest-Rated Ally 159 | . . . 10 16 39 39 39 39 27 . . 99 99 . . 159 159 152 96 96 30 . . . . 99 95 95 . . Initial Warlord ECA Mod 979 | . . . . . . 13 11 11 19 19 26 26 37 37 46 46 46 46 46 45 45 45 45 44 44 44 54 54 65 65 Total Orders 9 | . . . . . 3 . . 2 . . . . . . . . . . . . . . 1 1 . 2 . . . . STAY 3 | . . . . . 1 . . 1 . . . . . . . . . . . . . . . . . 1 . . . . FOLLOW 3 | . . . . . 1 . . 1 . . . . . . . . . . . . . . . . . 1 . . . . EXPLORE 1 | . . . . . 1 . . . . . . . . . . . . . . . . . . . . . . . . . RETURN 2 | . . . . . . . . . . . . . . . . . . . . . . . 1 1 . . . . . . Ally Attacks 662 | . . . . 8 137 4 19 101 . . . . 19 . . 81 31 . 87 13 1 . . . . 29 26 106 . . Total Damage 15297 | . . . . 90 1583 87 306 1328 . . . . 669 . . 1639 800 . 3243 372 38 . . . . 1035 862 3245 . . Kills 116 | . . . . 1 21 1 2 16 . . . . 5 . . 11 4 . 23 3 . . . . . 7 4 18 . . Allies Corrupted . | . . . . . . . . . . . . . . . . . . . . . . . . . . . . . . . Allies Melted 1 | . . . . . . . . . . . . . . . . . . . . . . . 1 . . . . . . . Intel | -11 -10 -10 -9 -9 -9 -9 -7 -7 -7 -7 -6 -6 -6 -6 -6 -6 -6 -6 -6 -5 -5 -5 -5 -4 -4 -4 -3 -3 -3 -3 ------- Run | Yrd Mat Min Mat Sto Gar Rec Fac Gar Fac Gar Fac Gar Fac Gar Fac Ext Cet Arc Hub Fac Upp Upp War Pro Fac Gar Res Gar Res Tes Active Infowar (turns) 1660 | 14 274 . . . . 3 1 . . . 940 58 . . . . . . . . . . . . . . . . 370 . Optics 998 | . . . . . . . . . . . 940 58 . . . . . . . . . . . . . . . . . . Sensors 1 | . . . . . . 1 . . . . . . . . . . . . . . . . . . . . . . . . Seismic 290 | 14 274 . . . . 2 . . . . . . . . . . . . . . . . . . . . . . . . Machine Analysis 370 | . . . . . . . . . . . . . . . . . . . . . . . . . . . . . 370 . ECM 1 | . . . . . . . 1 . . . . . . . . . . . . . . . . . . . . . . . Robot Analysis Total . | . . . . . . . . . . . . . . . . . . . . . . . . . . . . . . . Derelict Logs Recovered 5 | . . 1 . . . . . . . . . . . . . . . . . . 2 1 . 1 . . . . . . Drone Launches 29 | . . . . . 2 . . 2 . . . . . . . . . . . . . . 10 15 . . . . . . Drone Recoveries 17 | . . . . . 1 . . . . . . . . . . . . . . . . . 9 7 . . . . . . Exploration | -11 -10 -10 -9 -9 -9 -9 -7 -7 -7 -7 -6 -6 -6 -6 -6 -6 -6 -6 -6 -5 -5 -5 -5 -4 -4 -4 -3 -3 -3 -3 ------------- Run | Yrd Mat Min Mat Sto Gar Rec Fac Gar Fac Gar Fac Gar Fac Gar Fac Ext Cet Arc Hub Fac Upp Upp War Pro Fac Gar Res Gar Res Tes Turns Passed 37558 | 172 1233 816 1886 1946 2304 2294 232 2299 323 1855 1211 1587 1155 1618 870 1322 360 125 1547 732 1606 866 1549 514 515 2672 107 2300 1151 391 Spaces Moved 19723 | 129 796 510 927 1026 1282 1355 90 1070 211 895 677 778 635 837 493 631 201 55 980 370 1003 517 920 230 168 1024 41 1040 586 246 Core 241 | 2 . . . . . . . . . . . . . . . . . . . . . . . . . . . . 138 101 Treads . | . . . . . . . . . . . . . . . . . . . . . . . . . . . . . . . Legs . | . . . . . . . . . . . . . . . . . . . . . . . . . . . . . . . Wheels 19482 | 127 796 510 927 1026 1282 1355 90 1070 211 895 677 778 635 837 493 631 201 55 980 370 1003 517 920 230 168 1024 41 1040 448 145 Hover . | . . . . . . . . . . . . . . . . . . . . . . . . . . . . . . . Flight . | . . . . . . . . . . . . . . . . . . . . . . . . . . . . . . . Fastest Speed 50 | 50 80 140 135 135 135 135 145 120 120 120 135 135 130 120 140 130 130 130 130 135 145 145 145 190 131 123 135 123 50 50 Average Speed 141 | 87 127 140 152 153 146 143 156 144 122 136 147 136 144 144 140 137 130 130 133 152 145 145 147 201 160 134 135 148 117 93 Slowest Speed 250 | 100 140 140 215 230 155 150 160 160 135 150 150 140 150 175 145 145 130 130 145 245 150 190 220 205 230 165 135 250 170 250 Overloaded Moves . | . . . . . . . . . . . . . . . . . . . . . . . . . . . . . . . Propulsion Burnouts . | . . . . . . . . . . . . . . . . . . . . . . . . . . . . . . . Robots Hopped . | . . . . . . . . . . . . . . . . . . . . . . . . . . . . . . . Potential Cave-ins . | . . . . . . . . . . . . . . . . . . . . . . . . . . . . . . . Cave-ins Triggered 1 | . . . . . . . . . . . . . . . . . . . . . 1 . . . . . . . . . Exploration Rate (%) 60 | 6 95 96 60 92 92 95 2 86 6 92 24 94 16 97 17 75 76 67 91 14 97 65 92 75 6 90 2 98 19 29 Regions Visited 30 Branch Regions 12 Pre-discovered Areas 14 | . 2 . 1 . . 7 . . . . . . . . . . . . . . 2 2 . . . . . . . . Known Exits Taken 12 | . . 1 1 1 . 1 1 . 1 . 1 . 1 . 1 . . . . 1 . . . . 1 . 1 . . . Unknown Exits Taken 11 | 1 1 . . . . . . . . . . . . . . 1 1 1 1 . 1 1 1 1 . . . . 1 . Scrap Searched 7 | . . 2 . . . . . . . . . . . . . . . . . . 4 1 . . . . . . . . Spaces Dug 136 | . . . . . . 3 . 12 . 1 . 8 . 6 1 . . 1 7 1 20 2 . 33 2 5 . 6 20 8 Terrain Destroyed 1733 | . 21 6 36 15 . 3 . 12 . 90 113 37 63 75 44 52 10 1 222 59 92 25 44 61 71 97 1 81 382 20 Melee 28 | . . . . . . 3 . 12 . 1 . 3 . . . . . . . . . . . . . . . . 1 8 Projectile 744 | . . . 26 15 . . . . . 17 22 33 30 35 25 52 10 1 51 40 34 25 44 11 28 59 1 77 96 12 AOE 952 | . 21 6 10 . . . . . . 72 91 . 33 40 19 . . . 171 19 58 . . 50 43 35 . . 284 . Terrain Rammed . | . . . . . . . . . . . . . . . . . . . . . . . . . . . . . . . Walls Destroyed . | . . . . . . . . . . . . . . . . . . . . . . . . . . . . . . . Machines Disabled . | . . . . . . . . . . . . . . . . . . . . . . . . . . . . . . . Actions | -11 -10 -10 -9 -9 -9 -9 -7 -7 -7 -7 -6 -6 -6 -6 -6 -6 -6 -6 -6 -5 -5 -5 -5 -4 -4 -4 -3 -3 -3 -3 --------- Run | Yrd Mat Min Mat Sto Gar Rec Fac Gar Fac Gar Fac Gar Fac Gar Fac Ext Cet Arc Hub Fac Upp Upp War Pro Fac Gar Res Gar Res Tes Total 24889 | 161 919 567 1213 1240 1528 1594 167 1447 235 1196 791 1046 736 1039 583 830 250 103 1126 473 1083 576 1050 264 286 1720 87 1429 807 343 Wait 905 | 1 5 6 112 72 47 124 60 5 1 16 21 31 5 17 15 9 17 46 69 15 8 14 37 13 . 56 35 25 7 16 Move 19697 | 128 795 509 926 1025 1281 1354 90 1069 210 893 677 777 635 836 492 630 200 54 979 369 1002 516 919 229 168 1023 41 1039 585 246 Hop . | . . . . . . . . . . . . . . . . . . . . . . . . . . . . . . . Pick Up 373 | 10 29 9 30 18 6 7 2 28 2 24 13 7 12 11 8 10 2 . 7 15 9 9 20 1 16 23 2 22 17 4 Fast Attach 105 | 7 . . 1 2 . . 1 2 . 3 7 1 6 7 5 4 1 . . 1 . . . . 10 9 . 11 14 13 Attach 157 | . . 3 4 2 3 1 5 4 1 5 4 5 6 6 1 4 1 . 4 8 8 6 9 3 12 13 2 3 26 8 Detach 27 | . . . . . . . 2 . . 2 . . . 3 . . . . . . . . 1 3 1 4 . . 7 4 Swap 543 | 1 21 3 26 24 15 11 2 53 4 29 9 28 13 24 14 29 7 . 20 21 10 2 23 3 17 42 3 48 40 1 Drop 422 | 2 18 9 24 23 5 11 . 44 1 34 15 12 11 17 15 14 3 . 10 17 3 3 17 2 14 31 2 48 12 5 Fire 1693 | 12 51 28 79 63 37 38 5 139 16 152 45 92 48 63 33 42 10 3 37 27 36 26 16 10 48 264 2 147 98 26 Melee 143 | . . . . 3 10 36 . 31 . 6 . 6 . 30 . . . . . . . . . . . . . . 1 20 Ram . | . . . . . . . . . . . . . . . . . . . . . . . . . . . . . . . Kick . | . . . . . . . . . . . . . . . . . . . . . . . . . . . . . . . Crush . | . . . . . . . . . . . . . . . . . . . . . . . . . . . . . . . Escape Stasis 296 | . . . . . 67 . . 39 . 32 . 64 . 16 . 24 . . . . . . . . . 30 . 24 . . Rewire 308 | . . . . . 22 12 . 29 . . . 1 . . . . . . . . 7 . . . . 201 . 36 . . Trap 11 | . . . 11 . . . . . . . . . . . . . . . . . . . . . . . . . . . Miscellaneous 209 | . . . . 8 35 . . 4 . . . 22 . 9 . 64 9 . . . . . 8 . . 24 . 26 . . Route ------- -11/Scrapyard -10/Materials (discovered 6 exits: *Mat x3 / *Min x2 / [*Sub]) -10/Mines (discovered 2 exits: *Mat x2) -9/Materials (discovered 3 exits: [*Mat] / *Min / *Sto) -9/Storage (discovered 2 exits: [*Mat] / Gar) -9/Garrison (discovered 3 exits: *Rec x3) -9/Recycling (discovered 2 exits: *Fac / Scr) -7/Factory (discovered 2 exits: *Fac / Gar) -7/Garrison (discovered 3 exits: *Fac x3) -7/Factory -7/Garrison (discovered 3 exits: *Fac x3) -6/Factory (discovered 5 exits: *Fac x2 / *Low x2 / Gar) -6/Garrison (discovered 3 exits: *Fac x3) -6/Factory -6/Garrison (discovered 3 exits: *Fac x3) -6/Factory (discovered 4 exits: *Low x2 / *Ext x2) -6/Extension (discovered 2 exits: *Fac / *Cet) -6/Cetus (discovered 2 exits: *Fac / [*Arc]) -6/Archives -6/Hub_04(d) (discovered 4 exits: *Fac x4) -5/Factory (discovered 2 exits: *Upp x2) -5/Upper Caves -5/Upper Caves (discovered 2 exits: *Fac / *War) -5/Warlord -4/Proximity Caves -4/Factory -4/Garrison (discovered 3 exits: *Res x3) -3/Research -3/Garrison (discovered 3 exits: [*Res x3]) -3/Research (discovered 2 exits: [*Res] / *Tes) -3/Testing History --------- Turn | Location | Event 29 | -11/Scrapyard | Discovered new exit (range 15) 173 | -11/Scrapyard | Entered Materials 302 | -10/Materials | Build established: Mutant 426 | -10/Materials | Discovered new exit (range 6) 598 | -10/Materials | Discovered new exit (range 12) 829 | -10/Materials | Discovered new exit (range 9) 892 | -10/Materials | Learned location of 2 exits from Subcaves 927 | -10/Materials | Identified exit to Materials 954 | -10/Materials | Learned location of 1 exit from Recycling 989 | -10/Materials | Loaded intel: 5 trap records 1015 | -10/Materials | Learned location of 2 exits from Subcaves 1390 | -10/Materials | Discovered new exit (range 10) 1406 | -10/Materials | Entered Mines 1415 | -10/Mines | Met a Derelict bent on vengeance 1501 | -10/Mines | Found a damaged Exp. Sensor Array with a note attached 1506 | -10/Mines | Found Prototype Device 1540 | -10/Mines | Found a hidden stash of uninstalled traps 1642 | -10/Mines | Found the Drone Emporium 1652 | -10/Mines | Found Prototype Device 1733 | -10/Mines | Learned Materials stockpile data 2067 | -10/Mines | Core integrity fell below 50% 2222 | -10/Mines | Entered Materials 2222 | -9/Materials | Evolved 2 slots: Weapon x2 2223 | -9/Materials | Identified exit to Mines 2384 | -9/Materials | Identified exit to Storage 2725 | -9/Materials | Build established: Tank 3367 | -9/Materials | Destroyed 8 combat bots 3445 | -9/Materials | Repaired Hvy. Assault Rifle 3486 | -9/Materials | Discovered new exit (range 6) 4108 | -9/Materials | Entered Storage 4130 | -9/Storage | Identified exit to Garrison 4135 | -9/Storage | Build established: Gunner 4558 | -9/Storage | Destroyed 9 combat bots 5258 | -9/Storage | Discovered new exit (range 16) 5643 | -9/Storage | Build established: Tank 5804 | -9/Storage | Assisted by bots powering up and referring to "LRC-V3" 6054 | -9/Storage | Entered Garrison 6054 | -9/Garrison | Accompanied by 13 allies 6085 | -9/Garrison | Triggered checkpoint 6154 | -9/Garrison | Triggered checkpoint 6162 | -9/Garrison | Build established: Commander-Gunner 6247 | -9/Garrison | Garrison Relay disabled 6314 | -9/Garrison | Triggered checkpoint 6399 | -9/Garrison | Garrison Relay disabled 6582 | -9/Garrison | Core integrity fell below 50% 6707 | -9/Garrison | Triggered checkpoint 6747 | -9/Garrison | Triggered checkpoint 6778 | -9/Garrison | Triggered checkpoint 6812 | -9/Garrison | Lost 3 allies 6870 | -9/Garrison | Phase Generator disabled 6874 | -9/Garrison | Discovered new exit (range 12) 6910 | -9/Garrison | Triggered checkpoint 6912 | -9/Garrison | Rescued a captive Derelict 6918 | -9/Garrison | Rescued a captive Derelict 7021 | -9/Garrison | Garrison Relay disabled 7248 | -9/Garrison | Discovered new exit (range 9) 7298 | -9/Garrison | Triggered checkpoint 7306 | -9/Garrison | Garrison Relay disabled 7361 | -9/Garrison | Discovered new exit (range 55) 7361 | -9/Garrison | Discovered new exit (range 7) 7361 | -9/Garrison | Discovered new exit (range 61) 7683 | -9/Garrison | Learned Recycling security intel 7726 | -9/Garrison | Garrison Relay disabled 7898 | -9/Garrison | Triggered checkpoint 7906 | -9/Garrison | Garrison Relay disabled 8358 | -9/Garrison | Entered Recycling 8358 | -9/Recycling | Accompanied by 10 allies 8359 | -9/Recycling | Identified exit to Scraptown 9074 | -9/Recycling | Learned location of 1 exit from Storage 9140 | -9/Recycling | Learned location of 1 exit from Recycling 9196 | -9/Recycling | Learned Storage stockpile data 9241 | -9/Recycling | Learned Materials garrison access intel 9277 | -9/Recycling | Identified exit to Factory 9302 | -9/Recycling | Learned location of 2 exits from Materials 9315 | -9/Recycling | Learned Storage emergency access door positions 9414 | -9/Recycling | Learned location of 1 exit from Storage 9452 | -9/Recycling | Identified Exp. Sensor Array 9467 | -9/Recycling | Learned 2 Storage zone layouts 10652 | -9/Recycling | Entered Factory 10652 | -7/Factory | Accompanied by 23 allies 10652 | -7/Factory | Evolved 4 slots: Utility x3, Weapon x1 10658 | -7/Factory | Identified Decoy Drone Bay 10738 | -7/Factory | Discovered new exit (range 10) 10782 | -7/Factory | Garrison activated, responded to threat 10824 | -7/Factory | Identified exit to Garrison 10884 | -7/Factory | Entered Garrison 10884 | -7/Garrison | Accompanied by 19 allies 10966 | -7/Garrison | Lost 8 allies 10986 | -7/Garrison | Triggered checkpoint 11202 | -7/Garrison | Build established: Commander-Tank 11272 | -7/Garrison | Garrison Relay disabled 11493 | -7/Garrison | Triggered checkpoint 11494 | -7/Garrison | Triggered checkpoint 11494 | -7/Garrison | Triggered checkpoint 11558 | -7/Garrison | Lost 11 allies 11820 | -7/Garrison | Triggered checkpoint 11869 | -7/Garrison | Identified exit to Factory 11910 | -7/Garrison | Build established: Scavenger-Gunner 11943 | -7/Garrison | Garrison Relay disabled 12300 | -7/Garrison | Triggered checkpoint 12324 | -7/Garrison | Garrison Relay disabled 12711 | -7/Garrison | Triggered checkpoint 12885 | -7/Garrison | Garrison Relay disabled 13183 | -7/Garrison | Entered Factory 13183 | -7/Factory | Accompanied by 1 ally 13434 | -7/Factory | Garrison activated, responded to threat 13498 | -7/Factory | Identified exit to Garrison 13506 | -7/Factory | Entered Garrison 13597 | -7/Garrison | Identified exit to Factory 13802 | -7/Garrison | Garrison Relay disabled 14050 | -7/Garrison | Triggered checkpoint 14138 | -7/Garrison | Triggered checkpoint 14315 | -7/Garrison | Garrison Relay disabled 14477 | -7/Garrison | Phase Generator disabled 14510 | -7/Garrison | Destroyed 8 combat bots 14785 | -7/Garrison | Heavy support dispatched to Factory 14787 | -7/Garrison | Triggered checkpoint 14797 | -7/Garrison | Garrison Relay disabled 14977 | -7/Garrison | Triggered checkpoint 15054 | -7/Garrison | Triggered checkpoint 15054 | -7/Garrison | H-XX Assembler disabled 15205 | -7/Garrison | Garrison Relay disabled 15361 | -7/Garrison | Entered Factory 15361 | -6/Factory | Evolved 2 slots: Utility x1, Weapon x1 15474 | -6/Factory | Found Prototype Processor 15474 | -6/Factory | Identified Exp. Targeting Computer 15480 | -6/Factory | Found Exp. Targeting Computer 15690 | -6/Factory | Build established: Scavenger-Executioner 15826 | -6/Factory | Discovered new exit (range 22) 15983 | -6/Factory | Discovered new exit (range 17) 16048 | -6/Factory | Discovered new exit (range 4) 16126 | -6/Factory | Build established: Executioner 16293 | -6/Factory | Discovered new exit (range 8) 16411 | -6/Factory | First assault squad dispatched 16572 | -6/Factory | Identified exit to Garrison 16572 | -6/Factory | Entered Garrison 16666 | -6/Garrison | Triggered checkpoint 16697 | -6/Garrison | Garrison Relay disabled 16869 | -6/Garrison | Triggered checkpoint 16878 | -6/Garrison | Triggered checkpoint 16938 | -6/Garrison | Triggered checkpoint 16977 | -6/Garrison | Destroyed 8 combat bots 17116 | -6/Garrison | Triggered checkpoint 17195 | -6/Garrison | Garrison Relay disabled 17231 | -6/Garrison | Discovered new exit (range 10) 17299 | -6/Garrison | Garrison Relay disabled 17341 | -6/Garrison | Build established: Scavenger-Executioner 17376 | -6/Garrison | Discovered new exit (range 8) 17382 | -6/Garrison | Triggered checkpoint 17468 | -6/Garrison | Garrison Relay disabled 17578 | -6/Garrison | Triggered checkpoint 17600 | -6/Garrison | Garrison Relay disabled 17752 | -6/Garrison | Spotted Executioner 17767 | -6/Garrison | Destroyed Executioner 17775 | -6/Garrison | Found Prototype Processor 17780 | -6/Garrison | Found Prototype Device 17780 | -6/Garrison | Identified Adv. Kinecellerator 17800 | -6/Garrison | Rewired Striker 17807 | -6/Garrison | Found Exp. Targeting Computer 17899 | -6/Garrison | Phase Generator disabled 17924 | -6/Garrison | Discovered new exit (range 3) 18159 | -6/Garrison | Entered Factory 18159 | -6/Factory | Accompanied by 1 ally 18509 | -6/Factory | First assault squad dispatched 19188 | -6/Factory | System corruption reached 10% 19216 | -6/Factory | Destroyed 7 combat bots 19257 | -6/Factory | Identified Exp. Core Analyzer 19296 | -6/Factory | Core integrity fell below 50% 19314 | -6/Factory | Identified exit to Garrison 19314 | -6/Factory | Entered Garrison 19374 | -6/Garrison | Triggered checkpoint 19490 | -6/Garrison | Garrison Relay disabled 19542 | -6/Garrison | Learned Factory security intel 19576 | -6/Garrison | Phase Generator disabled 19738 | -6/Garrison | Triggered checkpoint 19788 | -6/Garrison | Triggered checkpoint 19892 | -6/Garrison | Destroyed 8 combat bots 19945 | -6/Garrison | Garrison Relay disabled 19993 | -6/Garrison | Discovered new exit (range 15) 20100 | -6/Garrison | Triggered checkpoint 20544 | -6/Garrison | Triggered checkpoint 20599 | -6/Garrison | Discovered new exit (range 15) 20672 | -6/Garrison | Garrison Relay disabled 20798 | -6/Garrison | Triggered checkpoint 20919 | -6/Garrison | Discovered new exit (range 10) 20932 | -6/Garrison | Entered Factory 21274 | -6/Factory | Discovered new exit (range 16) 21574 | -6/Factory | Discovered new exit (range 5) 21632 | -6/Factory | First assault squad dispatched 21703 | -6/Factory | Identified exit to Lower Caves 21703 | -6/Factory | Identified exit to Extension 21802 | -6/Factory | Entered Extension 21879 | -6/Extension | Rescued a captive Derelict 21915 | -6/Extension | Rescued a captive Derelict 21916 | -6/Extension | Rescued a captive Derelict 22001 | -6/Extension | Rescued a captive Derelict 22003 | -6/Extension | Rescued a captive Derelict 22065 | -6/Extension | Rescued a captive Derelict 22248 | -6/Extension | Spotted B-75 Beast 22250 | -6/Extension | Build established: Executioner 22253 | -6/Extension | Rescued a captive Derelict 22255 | -6/Extension | Rescued a captive Derelict 22260 | -6/Extension | Spotted B-75 Beast 22262 | -6/Extension | Destroyed B-75 Beast 22281 | -6/Extension | Destroyed B-75 Beast 22310 | -6/Extension | Lost 8 allies 22452 | -6/Extension | Disrupted transfer network 22469 | -6/Extension | Rescued a captive Derelict 22502 | -6/Extension | First assault squad dispatched 22509 | -6/Extension | Rescued a captive Derelict 22704 | -6/Extension | Rescued A7 22815 | -6/Extension | Rescued a captive Derelict 22817 | -6/Extension | Rescued a captive Derelict 22868 | -6/Extension | Rescued a captive Derelict 22997 | -6/Extension | Rescued a captive Derelict 22997 | -6/Extension | Rescued a captive Derelict 23081 | -6/Extension | Discovered new exit (range 10) 23085 | -6/Extension | Core integrity fell below 20% 23093 | -6/Extension | Discovered new exit (range 6) 23108 | -6/Extension | Disrupted transfer network 23124 | -6/Extension | Entered Cetus 23124 | -6/Cetus | Accompanied by 6 allies (A7) 23129 | -6/Cetus | Acquired a Cetus Manufacturing Module code from A7 23141 | -6/Cetus | Spotted Cetus Guard 23141 | -6/Cetus | Spotted Cetus Guard 23145 | -6/Cetus | Spotted Cetus Guard 23147 | -6/Cetus | Spotted Cetus Guard 23149 | -6/Cetus | Destroyed Cetus Guard 23153 | -6/Cetus | Destroyed Cetus Guard 23159 | -6/Cetus | Destroyed Cetus Guard 23163 | -6/Cetus | Destroyed Cetus Guard 23191 | -6/Cetus | Lost 4 allies 23219 | -6/Cetus | Build established: Scavenger-Executioner 23230 | -6/Cetus | Started Cetus Manufacturing Module 23255 | -6/Cetus | Manufactured an Enhanced Grunt 23265 | -6/Cetus | Escorted A7 to Cetus Mainframe 23280 | -6/Cetus | Manufactured an Enhanced Grunt 23305 | -6/Cetus | Manufactured an Enhanced Grunt 23330 | -6/Cetus | Manufactured an Enhanced Grunt 23355 | -6/Cetus | Manufactured an Enhanced Grunt 23355 | -6/Cetus | Discovered new exit (range 16) 23378 | -6/Cetus | Spotted Cetus Guard 23379 | -6/Cetus | Spotted Cetus Guard 23379 | -6/Cetus | Destroyed Cetus Guard 23382 | -6/Cetus | Spotted Cetus Guard 23383 | -6/Cetus | Allies destroyed Cetus Guard 23383 | -6/Cetus | Spotted Cetus Guard 23385 | -6/Cetus | Allies destroyed Cetus Guard 23388 | -6/Cetus | Destroyed Cetus Guard 23399 | -6/Cetus | Discovered new exit (range 15) 23406 | -6/Cetus | Met Revision 17 23484 | -6/Cetus | Entered Archives 23484 | -6/Archives | Accompanied by 7 allies (A7) 23489 | -6/Archives | Received a hacking code to weaken MAIN.C 23577 | -6/Archives | Met Zhirov 23583 | -6/Archives | Reinforcements dispatched to Archives 23585 | -6/Archives | Discovered new exit (range 15) 23609 | -6/Archives | Entered Hub_04(d) 23609 | -6/Hub_04(d) | Accompanied by 6 allies 23648 | -6/Hub_04(d) | Build established: Commander-Executioner 23779 | -6/Hub_04(d) | Discovered new exit (range 9) 24091 | -6/Hub_04(d) | Discovered new exit (range 5) 24131 | -6/Hub_04(d) | P-60 Hacker assimilated allied QG-OX3(x) 24161 | -6/Hub_04(d) | Lost 3 allies 24182 | -6/Hub_04(d) | Build established: Scavenger-Executioner 24391 | -6/Hub_04(d) | Discovered new exit (range 16) 24659 | -6/Hub_04(d) | First assault squad dispatched 24711 | -6/Hub_04(d) | Found Prototype Device 24711 | -6/Hub_04(d) | Identified Exp. Thermal Shield 24794 | -6/Hub_04(d) | Spotted B-75 Beast 24803 | -6/Hub_04(d) | Destroyed B-75 Beast 24892 | -6/Hub_04(d) | Discovered new exit (range 9) 24989 | -6/Hub_04(d) | Network Hub disabled 25156 | -6/Hub_04(d) | Entered Factory 25156 | -5/Factory | Accompanied by 1 ally 25156 | -5/Factory | Evolved 2 slots: Utility x1, Weapon x1 25462 | -5/Factory | Identified exit to Upper Caves 25756 | -5/Factory | First assault squad dispatched 25757 | -5/Factory | Fabricated Recoil Stabilizer (x2) 25840 | -5/Factory | Destroyed 10 combat bots 25888 | -5/Factory | Entered Upper Caves 25897 | -5/Upper Caves | Attracted the attention of an 0b10 outpost 25911 | -5/Upper Caves | Met a Warlord Commander 25912 | -5/Upper Caves | Learned location of Warlord (-5) 25913 | -5/Upper Caves | Warlord Commander delivered Encrypted Comm Array 25918 | -5/Upper Caves | Found Unknown Device 25927 | -5/Upper Caves | Destroyed 10 combat bots 25934 | -5/Upper Caves | Crushed by falling debris 26273 | -5/Upper Caves | Spotted B-75 Beast 26291 | -5/Upper Caves | Destroyed B-75 Beast 26314 | -5/Upper Caves | Lost 3 parts (2u1w) 26587 | -5/Upper Caves | Learned Factory stockpile data 26966 | -5/Upper Caves | Identified Encrypted Comm Array 27278 | -5/Upper Caves | Discovered new exit (range 11) 27377 | -5/Upper Caves | Encountered a Warlord checkpoint 27494 | -5/Upper Caves | Entered another Upper Caves area 27494 | -5/Upper Caves | Discovered new exit (range 8) 27747 | -5/Upper Caves | Lost 4 parts (1n1u2w) 27755 | -5/Upper Caves | Learned Armory emergency access door positions 27755 | -5/Upper Caves | Learned Research stockpile data 28275 | -5/Upper Caves | Discovered new exit (range 11) 28360 | -5/Upper Caves | Entered Warlord 28410 | -5/Warlord | System corruption cleaned by Quarantine Array 28911 | -5/Warlord | Found Prototype Device 28911 | -5/Warlord | Identified Exp. Focal Shield 28934 | -5/Warlord | Found Prototype Hackware 28943 | -5/Warlord | Found Prototype Reactor 29109 | -5/Warlord | Warlord's base attacked by MAIN.C 29262 | -5/Warlord | Found Prototype Energy Cannon 29262 | -5/Warlord | Identified Vortex Cannon 29269 | -5/Warlord | Found Prototype Energy Gun 29269 | -5/Warlord | Identified Vortex Rail 29280 | -5/Warlord | Found Vortex Cannon 29283 | -5/Warlord | Found Vortex Cannon 29286 | -5/Warlord | Found Vortex Cannon 29293 | -5/Warlord | Found Vortex Rail 29391 | -5/Warlord | Met Warlord 29459 | -5/Warlord | Warlord forces counterattacked 29722 | -5/Warlord | Opened side exit 29748 | -5/Warlord | Spotted Striker 29759 | -5/Warlord | Spotted Executioner 29773 | -5/Warlord | Destroyed Striker 29778 | -5/Warlord | Destroyed Executioner 29784 | -5/Warlord | Warlord base infiltrated, sounded retreat 29809 | -5/Warlord | Spotted Striker 29811 | -5/Warlord | Spotted Striker 29825 | -5/Warlord | Destroyed Striker 29827 | -5/Warlord | Lost 4 parts (1n3w) 29831 | -5/Warlord | Destroyed Striker 29843 | -5/Warlord | Spotted Executioner 29843 | -5/Warlord | Discovered new exit (range 14) 29862 | -5/Warlord | Lost 4 parts (2u2w) 29867 | -5/Warlord | Destroyed 7 combat bots 29909 | -5/Warlord | Entered Proximity Caves 29927 | -4/Proximity Caves | Learned Research terminal intel 30408 | -4/Proximity Caves | Discovered new exit (range 8) 30423 | -4/Proximity Caves | Entered Factory 30423 | -4/Factory | Evolved 2 slots: Power x1, Propulsion x1 30719 | -4/Factory | Garrison activated, responded to threat 30807 | -4/Factory | Spotted B-86 Titan 30852 | -4/Factory | Destroyed B-86 Titan 30880 | -4/Factory | Lost 6 parts (2n4w) 30938 | -4/Factory | Identified exit to Garrison 30938 | -4/Factory | Entered Garrison 30981 | -4/Garrison | Triggered checkpoint 31018 | -4/Garrison | Garrison Relay disabled 31043 | -4/Garrison | Rewired Striker 31054 | -4/Garrison | Rewired Striker 31106 | -4/Garrison | Spotted B-86 Titan 31110 | -4/Garrison | Triggered checkpoint 31112 | -4/Garrison | Triggered checkpoint 31117 | -4/Garrison | Destroyed Striker 31123 | -4/Garrison | Destroyed B-86 Titan 31151 | -4/Garrison | Discovered new exit (range 71) 31151 | -4/Garrison | Discovered new exit (range 19) 31151 | -4/Garrison | Discovered new exit (range 70) 31155 | -4/Garrison | Destroyed 20 combat bots 31161 | -4/Garrison | Lost 3 parts (2u1w) 31529 | -4/Garrison | Triggered checkpoint 31529 | -4/Garrison | Garrison Relay disabled 31564 | -4/Garrison | Triggered checkpoint 31608 | -4/Garrison | H-XX Assembler disabled 31706 | -4/Garrison | Found Prototype Device 31758 | -4/Garrison | Garrison Relay disabled 31985 | -4/Garrison | Phase Generator disabled 32620 | -4/Garrison | Build established: Commander-Executioner 32654 | -4/Garrison | Spotted B-86 Titan 32697 | -4/Garrison | Lost 5 allies 32754 | -4/Garrison | Destroyed B-86 Titan 32785 | -4/Garrison | Lost 5 parts (1p1n1u2w) 32795 | -4/Garrison | Garrison Relay disabled 32869 | -4/Garrison | Identified Vortex Chain Reactor 33004 | -4/Garrison | Triggered checkpoint 33048 | -4/Garrison | Spotted B-75 Beast 33050 | -4/Garrison | Spotted B-90 Cyclops 33205 | -4/Garrison | Triggered checkpoint 33224 | -4/Garrison | Garrison Relay disabled 33259 | -4/Garrison | Found embedded Infiltrators 33522 | -4/Garrison | Build established: Scavenger-Executioner 33610 | -4/Garrison | Entered Research 33610 | -3/Research | Accompanied by 12 allies 33610 | -3/Research | Evolved 2 slots: Utility x1, Weapon x1 33612 | -3/Research | Loaded intel: 24 terminal locations 33633 | -3/Research | Garrison activated, responded to threat 33706 | -3/Research | Identified Ghost Barrier 33708 | -3/Research | Identified exit to Garrison 33717 | -3/Research | Entered Garrison 33717 | -3/Garrison | Accompanied by 12 allies 33855 | -3/Garrison | Lost 3 allies 33875 | -3/Garrison | Rescued a captive Derelict 33877 | -3/Garrison | Rescued a captive Derelict 33972 | -3/Garrison | Lost 3 parts (1n2w) 34048 | -3/Garrison | Garrison Relay disabled 34163 | -3/Garrison | Triggered checkpoint 34181 | -3/Garrison | Lost 3 allies 34251 | -3/Garrison | Phase Generator disabled 34367 | -3/Garrison | Triggered checkpoint 34442 | -3/Garrison | Triggered checkpoint 34518 | -3/Garrison | Destroyed 9 combat bots 34560 | -3/Garrison | Triggered checkpoint 34614 | -3/Garrison | Triggered checkpoint 34862 | -3/Garrison | Garrison Relay disabled 34869 | -3/Garrison | Triggered checkpoint 35035 | -3/Garrison | Discovered new exit (range 11) 35188 | -3/Garrison | Spotted B-86 Titan 35377 | -3/Garrison | Destroyed B-86 Titan 35391 | -3/Garrison | Discovered new exit (range 6) 35575 | -3/Garrison | Triggered checkpoint 35612 | -3/Garrison | Garrison Relay disabled 35886 | -3/Garrison | Garrison Relay disabled 35896 | -3/Garrison | Triggered checkpoint 35935 | -3/Garrison | Discovered new exit (range 11) 36017 | -3/Garrison | Entered Research 36059 | -3/Research | Discovered new exit (range 11) 36204 | -3/Research | Discovered new exit (range 15) 36267 | -3/Research | First assault squad dispatched 36463 | -3/Research | Lost 4 parts (4w) 36495 | -3/Research | Destroyed 11 combat bots 36652 | -3/Research | System corruption reached 10% 36687 | -3/Research | Destroyed 7 combat bots 36891 | -3/Research | High security lockdown imminent 36916 | -3/Research | Destroyed 11 combat bots 36916 | -3/Research | Lost 13 parts (1n2u10w) 36971 | -3/Research | High security lockdown engaged 36980 | -3/Research | Lost 3 parts (1n2w) 37061 | -3/Research | Lost 3 parts (3w) 37114 | -3/Research | Lost 8 parts (1p1n3u3w) 37161 | -3/Research | Core integrity fell below 50% 37168 | -3/Research | Entered Testing 37183 | -3/Testing | Found Prototype Energy Cannon 37418 | -3/Testing | First assault squad dispatched 37491 | -3/Testing | High security lockdown imminent 37537 | -3/Testing | Lost 5 parts (2p2n1u) 37548 | -3/Testing | Core integrity fell below 20% 37559 | -3/Testing | Destroyed by S-43 Plague with Heavy Machine Gun Last Messages --------------- 37541_ ALERT: Machine network offline. 37541_ Com. Wheel destroyed. 37543_ A#3XG>|R&81#:V2IZGEUCKK>A%V|F VT 37543_ Slug penetrates Wall. 37543_ Slug penetrates S-43 Plague. 37544_ Backup Laser VII destroyed. 37545_ Slug penetrates S-43 Plague. 37546_ Lgt. Quantum Reactor destroyed. 37548_ Adv. KE Penetrator destroyed. 37548_ Slug penetrates P-80 Master. 37549_ Adv. Heat Sink destroyed. 37551_ Helical Railgun destroyed. 37554_ Slug penetrates P-80 Master. 37554_ Slug penetrates Wall. 37555_ Imp. Weapon Cycler destroyed. 37555_ Helical Railgun destroyed. 37556_ ALERT: Performing unscheduled system reset. 37556_ Dropped Med. Storage Unit. 37556_ Mak. Hammer destroyed. 37558_ System corrupted: Substantial component data lost. Map ----- +----------------------------------------------------+ | ?????????????????????????????????????????????????? | | ?????????????????????????????????????????????????? | | ?????????????????????????????????????????????????? | | ?????????????????????????????????????????????????? | | ?????????????????????????????????????????????????? | | ?????????????????????????????????????????????????? | | ?????????????????????????????????????????????????? | | ?????????????????????????????????????????????????? | | ?????????????????????????????????????????????????? | | ?????????????????????????????????????????????????? | | ??????????????????????? ???????????????????????? | | ?????????????????????# ???????????????????????? | | ?????????????????????# ???????????????????????? | | ?????????????????????# ???????????????????????? | | ?????????????????????# ???????????????????????? | | ?????????????????????# ???????????????????????? | | ?????????????????????#ss #??????????????????????? | | ##???????????????????# #??????????????????????? | | #???????????????????# #?####?????????????????? | | #???????????????????# #? ???????????????? | | #?????????" ????????# # """ ""???????????????? | | #?????????# ???????# # """ ""???????????????? | | #?????????#! ??????# # """ ?????????????????? | | #?????????? ????## ; ???????????????????? | | #??????????? ???#; ; ?????????????????????? | | #????????????? ???#% *@#??????????????????????? | | #################"####=!%[#??????????????????????? | | *!!= #??????????????????????? | | p*%= #??????????????????????? | | p==! #??????????????????????? | | p! #??????????????????????? | | ####+#################! ###""""#???????????????? | | #??????????# T#???????????????? | | #???????#### #???????????????? | | """""""" #???????# =! ;"""####???????????????? | | "" #???????# [= #####??????????????????? | | "" "" """ #???????# #??????????????????????? | | =" "" " #???????# #??????????????????????? | | "" "" """ #???????#########??????????????????????? | | #??????????????????????????????????????? | | #??????????????????????????????????????? | | #??????????????????????????????????????? | | #??????????????????????????????????????? | | #??????????????????????????????????????? | | ##########???????????????????????????????????????? | | ?????????????????????????????????????????????????? | | ?????????????????????????????????????????????????? | | ?????????????????????????????????????????????????? | | ?????????????????????????????????????????????????? | | ?????????????????????????????????????????????????? | +----------------------------------------------------+ Best States ------------- Heat Dissipation 120 Coolant Potential 100 Energy Generation 70 Energy Capacity 700 Matter Stores 300 Matter Capacity 500 Sight Range 22 Terrain Scan Density 10 Power Amplification 30 Armor Coverage 225 Resistance: KI 30 Resistance: EM 25 Core Shielding 30 Weapon Cycling 20 Melee Speed Boost 20 Phase Shifting 15 Evasion (%) 54 Targeting Accuracy 24 Target Analysis 9 Core Analysis 8 Recoil Reduction 6 Kinecelleration 50 Salvage Targeting 2 Offensive Hacking 10 Defensive Hacking 20 Item Schematics ----------------- Wheel | -9/Materials | Scanalyzed Assault Rifle | -9/Materials | Hacked Arm. Wheel | -9/Materials | Hacked Imp. Targeting Computer | -9/Storage | Hacked Imp. Shield Generator | -9/Storage | Hacked Ion Engine | -9/Recycling | Hacked Recoil Stabilizer | -9/Recycling | Hacked Lgt. Armor Plating | -9/Recycling | Hacked Heat Sink | -9/Recycling | Hacked Adv. Cooling System | -6/Extension | Hacked Imp. Force Field | -6/Extension | Hacked Fission Core | -6/Extension | Hacked Hvy. Machine Gun | -6/Hub_04(d) | Hacked Robot Schematics ------------------ M-13 Machinist | -10/Materials | Hacked Fabricated ------------ Recoil Stabilizer | x2 | -5/Factory Repaired ---------- Hvy. Assault Rifle | 60% | -9/Materials Alien Tech Used ----------------- None Achievements -------------- None Challenges ------------ None Game ------ Seed CoolantSwarmThermoblaster Manual? 0 Play Time 05:46:59 Cumulative 1120.2 hours Start 2025.07.25 @ 00:28:08 End 2025.07.25 @ 15:22:59 Sessions 7 Manual Loads 0 Difficulty Rogue Special Mode None Game No. 557 Rogue 557 Adventurer 0 Explorer 0 Win Type - Total 23 Types 10/4/3/0/1/1/2/2/0/0 Lore% 90 Gallery% 89 Achievement% 83 Wizard Run 0 Options --------- Layout 0 ASCII 0 Keyboard 0 Movement Numpad Keybinds 0 Fullscreen 2 Font 24/Smallcaps Map View 76x50 Zoom Use 0% Tactical HUD 1 Map Filters NONE Filters SHIFT_HUE(315) Steam 1 RUN: ff82d54f-627c-4f92-9470-a21662530ff6